Workbook

Sheet 汇总表党委会
A1: 附件3
A2: 2026年第四批普通国省道大中修工程资金建议计划汇总表
A3: 市州 | B3: 规模（公里） | H3: 初审通过补助资金（万元） | N3: 备注
B4: 市州申报 | E4: 初审通过 | H4: 市州申报 | K4: 初审通过
B5: 小计 | C5: 申报项目 | D5: 调整项目 | E5: 小计 | F5: 申报项目 | G5: 调整项目 | H5: 小计 | I5: 申报项目 | J5: 调整项目 | K5: 小计 | L5: 申报项目 | M5: 调整项目
A6: 合计 | B6: 162.514 | C6: 127.525 | D6: 34.989 | E6: =SUM(E7:E20) -> #REF! | F6: =SUM(F7:F20) -> #REF! | G6: =SUM(G7:G20) -> #REF! | H6: 17833.881 | I6: 19362.956 | J6: -1529.0748 | K6: =SUM(K7:K20) -> #REF! | L6: =SUM(L7:L20) -> #REF! | M6: =SUM(M7:M20) -> #REF!
A7: 长沙市 | B7: 2.23 | C7: 1 | D7: 1.23 | E7: =F7+G7 -> #REF! | F7: =SUMIFS(明细表!L:L,明细表!D:D,A7,明细表!#REF!,"计划申报") -> #REF! | G7: =SUMIFS(明细表!L:L,明细表!D:D,A7,明细表!#REF!,"计划调整") -> #REF! | H7: -14.13 | I7: 103.95 | J7: -118.08 | K7: =L7+M7 -> #REF! | L7: =SUMIFS(明细表!#REF!,明细表!D:D,A7,明细表!#REF!,"计划申报") -> #REF! | M7: =SUMIFS(明细表!#REF!,明细表!D:D,A7,明细表!#REF!,"计划调整") -> #REF!
A8: 株洲市 | B8: 10.703 | C8: 10.703 | D8: 0 | E8: =F8+G8 -> #REF! | F8: =SUMIFS(明细表!L:L,明细表!D:D,A8,明细表!#REF!,"计划申报") -> #REF! | G8: =SUMIFS(明细表!L:L,明细表!D:D,A8,明细表!#REF!,"计划调整") -> #REF! | H8: 1918.602 | I8: 1918.602 | J8: 0 | K8: =L8+M8 -> #REF! | L8: =SUMIFS(明细表!#REF!,明细表!D:D,A8,明细表!#REF!,"计划申报") -> #REF! | M8: =SUMIFS(明细表!#REF!,明细表!D:D,A8,明细表!#REF!,"计划调整") -> #REF!
A9: 湘潭市 | B9: 5.263 | C9: 2.025 | D9: 3.238 | E9: =F9+G9 -> #REF! | F9: =SUMIFS(明细表!L:L,明细表!D:D,A9,明细表!#REF!,"计划申报") -> #REF! | G9: =SUMIFS(明细表!L:L,明细表!D:D,A9,明细表!#REF!,"计划调整") -> #REF! | H9: 552.0552 | I9: 486 | J9: 66.0552 | K9: =L9+M9 -> #REF! | L9: =SUMIFS(明细表!#REF!,明细表!D:D,A9,明细表!#REF!,"计划申报") -> #REF! | M9: =SUMIFS(明细表!#REF!,明细表!D:D,A9,明细表!#REF!,"计划调整") -> #REF!
A10: 衡阳市 | B10: 13.223 | C10: 13.223 | D10: 0 | E10: =F10+G10 -> #REF! | F10: =SUMIFS(明细表!L:L,明细表!D:D,A10,明细表!#REF!,"计划申报") -> #REF! | G10: =SUMIFS(明细表!L:L,明细表!D:D,A10,明细表!#REF!,"计划调整") -> #REF! | H10: 743.946 | I10: 743.946 | J10: 0 | K10: =L10+M10 -> #REF! | L10: =SUMIFS(明细表!#REF!,明细表!D:D,A10,明细表!#REF!,"计划申报") -> #REF! | M10: =SUMIFS(明细表!#REF!,明细表!D:D,A10,明细表!#REF!,"计划调整") -> #REF! | N10: 衡阳13.223公里为路况差新纳入项目
A11: 邵阳市 | B11: 4.83 | C11: 3.106 | D11: 1.724 | E11: =F11+G11 -> #REF! | F11: =SUMIFS(明细表!L:L,明细表!D:D,A11,明细表!#REF!,"计划申报") -> #REF! | G11: =SUMIFS(明细表!L:L,明细表!D:D,A11,明细表!#REF!,"计划调整") -> #REF! | H11: 534.486 | I11: 534.486 | J11: 0 | K11: =L11+M11 -> #REF! | L11: =SUMIFS(明细表!#REF!,明细表!D:D,A11,明细表!#REF!,"计划申报") -> #REF! | M11: =SUMIFS(明细表!#REF!,明细表!D:D,A11,明细表!#REF!,"计划调整") -> #REF!
A12: 岳阳市 | B12: 23.5 | C12: 23.5 | D12: 0 | E12: =F12+G12 -> #REF! | F12: =SUMIFS(明细表!L:L,明细表!D:D,A12,明细表!#REF!,"计划申报") -> #REF! | G12: =SUMIFS(明细表!L:L,明细表!D:D,A12,明细表!#REF!,"计划调整") -> #REF! | H12: 3324.384 | I12: 3324.384 | J12: 0 | K12: =L12+M12 -> #REF! | L12: =SUMIFS(明细表!#REF!,明细表!D:D,A12,明细表!#REF!,"计划申报") -> #REF! | M12: =SUMIFS(明细表!#REF!,明细表!D:D,A12,明细表!#REF!,"计划调整") -> #REF!
A13: 常德市 | B13: 8.65 | C13: 8.65 | D13: 0 | E13: =F13+G13 -> #REF! | F13: =SUMIFS(明细表!L:L,明细表!D:D,A13,明细表!#REF!,"计划申报") -> #REF! | G13: =SUMIFS(明细表!L:L,明细表!D:D,A13,明细表!#REF!,"计划调整") -> #REF! | H13: 1429.59 | I13: 1429.59 | J13: 0 | K13: =L13+M13 -> #REF! | L13: =SUMIFS(明细表!#REF!,明细表!D:D,A13,明细表!#REF!,"计划申报") -> #REF! | M13: =SUMIFS(明细表!#REF!,明细表!D:D,A13,明细表!#REF!,"计划调整") -> #REF! | N13: 常德对接会核定计划16.65公里，其中8公里因地方配套困难未申报
A14: 张家界市 | B14: 1 | C14: 1 | D14: 0 | E14: =F14+G14 -> #REF! | F14: =SUMIFS(明细表!L:L,明细表!D:D,A14,明细表!#REF!,"计划申报") -> #REF! | G14: =SUMIFS(明细表!L:L,明细表!D:D,A14,明细表!#REF!,"计划调整") -> #REF! | H14: 52.5 | I14: 52.5 | J14: 0 | K14: =L14+M14 -> #REF! | L14: =SUMIFS(明细表!#REF!,明细表!D:D,A14,明细表!#REF!,"计划申报") -> #REF! | M14: =SUMIFS(明细表!#REF!,明细表!D:D,A14,明细表!#REF!,"计划调整") -> #REF!
A15: 益阳市 | B15: 25.772 | C15: 14 | D15: 11.772 | E15: =F15+G15 -> #REF! | F15: =SUMIFS(明细表!L:L,明细表!D:D,A15,明细表!#REF!,"计划申报") -> #REF! | G15: =SUMIFS(明细表!L:L,明细表!D:D,A15,明细表!#REF!,"计划调整") -> #REF! | H15: 1068.0225 | I15: 1374 | J15: -305.9775 | K15: =L15+M15 -> #REF! | L15: =SUMIFS(明细表!#REF!,明细表!D:D,A15,明细表!#REF!,"计划申报") -> #REF! | M15: =SUMIFS(明细表!#REF!,明细表!D:D,A15,明细表!#REF!,"计划调整") -> #REF!
A16: 郴州市 | B16: 16.123 | C16: 16.123 | D16: 0 | E16: =F16+G16 -> #REF! | F16: =SUMIFS(明细表!L:L,明细表!D:D,A16,明细表!#REF!,"计划申报") -> #REF! | G16: =SUMIFS(明细表!L:L,明细表!D:D,A16,明细表!#REF!,"计划调整") -> #REF! | H16: 3687.0021 | I16: 3687.0021 | J16: 0 | K16: =L16+M16 -> #REF! | L16: =SUMIFS(明细表!#REF!,明细表!D:D,A16,明细表!#REF!,"计划申报") -> #REF! | M16: =SUMIFS(明细表!#REF!,明细表!D:D,A16,明细表!#REF!,"计划调整") -> #REF! | N16: 郴州对接会核定10.707公里，其中0.305公里因城管路段未申报
A17: 永州市 | B17: 13.162 | C17: 13.162 | D17: 0 | E17: =F17+G17 -> #REF! | F17: =SUMIFS(明细表!L:L,明细表!D:D,A17,明细表!#REF!,"计划申报") -> #REF! | G17: =SUMIFS(明细表!L:L,明细表!D:D,A17,明细表!#REF!,"计划调整") -> #REF! | H17: 2424.9892 | I17: 2424.9892 | J17: 0 | K17: =L17+M17 -> #REF! | L17: =SUMIFS(明细表!#REF!,明细表!D:D,A17,明细表!#REF!,"计划申报") -> #REF! | M17: =SUMIFS(明细表!#REF!,明细表!D:D,A17,明细表!#REF!,"计划调整") -> #REF!
A18: 怀化市 | B18: 15.639 | C18: 15.639 | D18: 0 | E18: =F18+G18 -> #REF! | F18: =SUMIFS(明细表!L:L,明细表!D:D,A18,明细表!#REF!,"计划申报") -> #REF! | G18: =SUMIFS(明细表!L:L,明细表!D:D,A18,明细表!#REF!,"计划调整") -> #REF! | H18: 2328.1744 | I18: 2328.1744 | J18: 0 | K18: =L18+M18 -> #REF! | L18: =SUMIFS(明细表!#REF!,明细表!D:D,A18,明细表!#REF!,"计划申报") -> #REF! | M18: =SUMIFS(明细表!#REF!,明细表!D:D,A18,明细表!#REF!,"计划调整") -> #REF!
A19: 娄底市 | B19: 22.419 | C19: 5.394 | D19: 17.025 | E19: =F19+G19 -> #REF! | F19: =SUMIFS(明细表!L:L,明细表!D:D,A19,明细表!#REF!,"计划申报") -> #REF! | G19: =SUMIFS(明细表!L:L,明细表!D:D,A19,明细表!#REF!,"计划调整") -> #REF! | H19: -215.7405 | I19: 955.332 | J19: -1171.0725 | K19: =L19+M19 -> #REF! | L19: =SUMIFS(明细表!#REF!,明细表!D:D,A19,明细表!#REF!,"计划申报") -> #REF! | M19: =SUMIFS(明细表!#REF!,明细表!D:D,A19,明细表!#REF!,"计划调整") -> #REF!
A20: 湘西州 | B20: 0 | C20: 0 | D20: 0 | E20: =F20+G20 -> #REF! | F20: =SUMIFS(明细表!L:L,明细表!D:D,A20,明细表!#REF!,"计划申报") -> #REF! | G20: =SUMIFS(明细表!L:L,明细表!D:D,A20,明细表!#REF!,"计划调整") -> #REF! | H20: 0 | I20: 0 | J20: 0 | K20: =L20+M20 -> #REF! | L20: =SUMIFS(明细表!#REF!,明细表!D:D,A20,明细表!#REF!,"计划申报") -> #REF! | M20: =SUMIFS(明细表!#REF!,明细表!D:D,A20,明细表!#REF!,"计划调整") -> #REF!

Sheet 汇总表（省中心）
A1: 附件3
A2: 2026年第四批普通国省道大中修工程资金建议计划汇总表
A3: 市州 | B3: 合计 | D3: 计划申报 | L3: 计划调整 | T3: 备注
D4: 合计 | F4: 大修 | H4: 中修 | J4: 预防性养护 | L4: 小计 | N4: 大修 | P4: 中修 | R4: 预防性养护
B5: 里程 （公里） | C5: 补助资金 （万元） | D5: 里程 （公里） | E5: 补助资金 （万元） | F5: 里程 （公里） | G5: 补助资金 （万元） | H5: 里程 （公里） | I5: 补助资金 （万元） | J5: 里程 （公里） | K5: 补助资金 （万元） | L5: 里程 （公里） | M5: 补助资金 （万元） | N5: 里程 （公里） | O5: 补助资金 （万元） | P5: 里程 （公里） | Q5: 补助资金 （万元） | R5: 里程 （公里） | S5: 补助资金 （万元） | W5: =D6-13.223 -> #REF!
A6: 合计 | B6: =SUM(B7:B20) -> #REF! | C6: =SUM(C7:C20) -> #REF! | D6: =SUM(D7:D20) -> #REF! | E6: =SUM(E7:E20) -> #REF! | F6: =SUM(F7:F20) -> #REF! | G6: =SUM(G7:G20) -> #REF! | H6: =SUM(H7:H20) -> #REF! | I6: =SUM(I7:I20) -> #REF! | ... S6: =SUM(S7:S20) -> #REF! | V6: =D6+8+0.305-13.223 -> #REF! | Y6: =E6+M6 -> #REF!
A7: 长沙市 | B7: =D7+L7 -> #REF! | C7: =E7+M7 -> #REF! | D7: =F7+H7+J7 -> #REF! | E7: =G7+I7+K7 -> #REF! | F7: =SUMIFS(明细表!L:L,明细表!D:D,A7,明细表!#REF!,"计划申报",明细表!#REF!,"大修") -> #REF! | G7: =SUMIFS(明细表!#REF!,明细表!D:D,A7,明细表!#REF!,"计划申报",明细表!#REF!,"大修") -> #REF! | H7: =SUMIFS(明细表!L:L,明细表!D:D,A7,明细表!#REF!,"计划申报",明细表!#REF!,"中修") -> #REF! | I7: =SUMIFS(明细表!#REF!,明细表!D:D,A7,明细表!#REF!,"计划申报",明细表!#REF!,"中修") -> #REF! | J7: =SUMIFS(明细表!L:L,明细表!D:D,A7,明细表!#REF!,"计划申报",明细表!#REF!,"预防性养护") -> #REF! | K7: =SUMIFS(明细表!#REF!,明细表!D:D,A7,明细表!#REF!,"计划申报",明细表!#REF!,"预防性养护") -> #REF! | L7: =N7+P7+R7 -> #REF! | M7: =O7+Q7+S7 -> #REF! | N7: =SUMIFS(明细表!L:L,明细表!D:D,A7,明细表!#REF!,"计划调整",明细表!#REF!,"大修") -> #REF! | O7: =SUMIFS(明细表!#REF!,明细表!D:D,A7,明细表!#REF!,"计划调整",明细表!#REF!,"大修") -> #REF! | P7: =SUMIFS(明细表!L:L,明细表!D:D,A7,明细表!#REF!,"计划调整",明细表!#REF!,"中修") -> #REF! | Q7: =SUMIFS(明细表!#REF!,明细表!D:D,A7,明细表!#REF!,"计划调整",明细表!#REF!,"中修") -> #REF! | R7: =SUMIFS(明细表!L:L,明细表!D:D,A7,明细表!#REF!,"计划调整",明细表!#REF!,"预防性养护") -> #REF! | S7: =SUMIFS(明细表!#REF!,明细表!D:D,A7,明细表!#REF!,"计划调整",明细表!#REF!,"预防性养护") -> #REF!
A8: 株洲市 | B8: =D8+L8 -> #REF! | C8: =E8+M8 -> #REF! | D8: =F8+H8+J8 -> #REF! | E8: =G8+I8+K8 -> #REF! | F8: =SUMIFS(明细表!L:L,明细表!D:D,A8,明细表!#REF!,"计划申报",明细表!#REF!,"大修") -> #REF! | G8: =SUMIFS(明细表!#REF!,明细表!D:D,A8,明细表!#REF!,"计划申报",明细表!#REF!,"大修") -> #REF! | H8: =SUMIFS(明细表!L:L,明细表!D:D,A8,明细表!#REF!,"计划申报",明细表!#REF!,"中修") -> #REF! | I8: =SUMIFS(明细表!#REF!,明细表!D:D,A8,明细表!#REF!,"计划申报",明细表!#REF!,"中修") -> #REF! | J8: =SUMIFS(明细表!L:L,明细表!D:D,A8,明细表!#REF!,"计划申报",明细表!#REF!,"预防性养护") -> #REF! | K8: =SUMIFS(明细表!#REF!,明细表!D:D,A8,明细表!#REF!,"计划申报",明细表!#REF!,"预防性养护") -> #REF! | L8: =N8+P8+R8 -> #REF! | M8: =O8+Q8+S8 -> #REF! | N8: =SUMIFS(明细表!L:L,明细表!D:D,A8,明细表!#REF!,"计划调整",明细表!#REF!,"大修") -> #REF! | O8: =SUMIFS(明细表!#REF!,明细表!D:D,A8,明细表!#REF!,"计划调整",明细表!#REF!,"大修") -> #REF! | P8: =SUMIFS(明细表!L:L,明细表!D:D,A8,明细表!#REF!,"计划调整",明细表!#REF!,"中修") -> #REF! | Q8: =SUMIFS(明细表!#REF!,明细表!D:D,A8,明细表!#REF!,"计划调整",明细表!#REF!,"中修") -> #REF! | R8: =SUMIFS(明细表!L:L,明细表!D:D,A8,明细表!#REF!,"计划调整",明细表!#REF!,"预防性养护") -> #REF! | S8: =SUMIFS(明细表!#REF!,明细表!D:D,A8,明细表!#REF!,"计划调整",明细表!#REF!,"预防性养护") -> #REF!
A9: 湘潭市 | B9: =D9+L9 -> #REF! | C9: =E9+M9 -> #REF! | D9: =F9+H9+J9 -> #REF! | E9: =G9+I9+K9 -> #REF! | F9: =SUMIFS(明细表!L:L,明细表!D:D,A9,明细表!#REF!,"计划申报",明细表!#REF!,"大修") -> #REF! | G9: =SUMIFS(明细表!#REF!,明细表!D:D,A9,明细表!#REF!,"计划申报",明细表!#REF!,"大修") -> #REF! | H9: =SUMIFS(明细表!L:L,明细表!D:D,A9,明细表!#REF!,"计划申报",明细表!#REF!,"中修") -> #REF! | I9: =SUMIFS(明细表!#REF!,明细表!D:D,A9,明细表!#REF!,"计划申报",明细表!#REF!,"中修") -> #REF! | J9: =SUMIFS(明细表!L:L,明细表!D:D,A9,明细表!#REF!,"计划申报",明细表!#REF!,"预防性养护") -> #REF! | K9: =SUMIFS(明细表!#REF!,明细表!D:D,A9,明细表!#REF!,"计划申报",明细表!#REF!,"预防性养护") -> #REF! | L9: =N9+P9+R9 -> #REF! | M9: =O9+Q9+S9 -> #REF! | N9: =SUMIFS(明细表!L:L,明细表!D:D,A9,明细表!#REF!,"计划调整",明细表!#REF!,"大修") -> #REF! | O9: =SUMIFS(明细表!#REF!,明细表!D:D,A9,明细表!#REF!,"计划调整",明细表!#REF!,"大修") -> #REF! | P9: =SUMIFS(明细表!L:L,明细表!D:D,A9,明细表!#REF!,"计划调整",明细表!#REF!,"中修") -> #REF! | Q9: =SUMIFS(明细表!#REF!,明细表!D:D,A9,明细表!#REF!,"计划调整",明细表!#REF!,"中修") -> #REF! | R9: =SUMIFS(明细表!L:L,明细表!D:D,A9,明细表!#REF!,"计划调整",明细表!#REF!,"预防性养护") -> #REF! | S9: =SUMIFS(明细表!#REF!,明细表!D:D,A9,明细表!#REF!,"计划调整",明细表!#REF!,"预防性养护") -> #REF!
A10: 衡阳市 | B10: =D10+L10 -> #REF! | C10: =E10+M10 -> #REF! | D10: =F10+H10+J10 -> #REF! | E10: =G10+I10+K10 -> #REF! | F10: =SUMIFS(明细表!L:L,明细表!D:D,A10,明细表!#REF!,"计划申报",明细表!#REF!,"大修") -> #REF! | G10: =SUMIFS(明细表!#REF!,明细表!D:D,A10,明细表!#REF!,"计划申报",明细表!#REF!,"大修") -> #REF! | H10: =SUMIFS(明细表!L:L,明细表!D:D,A10,明细表!#REF!,"计划申报",明细表!#REF!,"中修") -> #REF! | I10: =SUMIFS(明细表!#REF!,明细表!D:D,A10,明细表!#REF!,"计划申报",明细表!#REF!,"中修") -> #REF! | J10: =SUMIFS(明细表!L:L,明细表!D:D,A10,明细表!#REF!,"计划申报",明细表!#REF!,"预防性养护") -> #REF! | K10: =SUMIFS(明细表!#REF!,明细表!D:D,A10,明细表!#REF!,"计划申报",明细表!#REF!,"预防性养护") -> #REF! | L10: =N10+P10+R10 -> #REF! | M10: =O10+Q10+S10 -> #REF! | N10: =SUMIFS(明细表!L:L,明细表!D:D,A10,明细表!#REF!,"计划调整",明细表!#REF!,"大修") -> #REF! | O10: =SUMIFS(明细表!#REF!,明细表!D:D,A10,明细表!#REF!,"计划调整",明细表!#REF!,"大修") -> #REF! | P10: =SUMIFS(明细表!L:L,明细表!D:D,A10,明细表!#REF!,"计划调整",明细表!#REF!,"中修") -> #REF! | Q10: =SUMIFS(明细表!#REF!,明细表!D:D,A10,明细表!#REF!,"计划调整",明细表!#REF!,"中修") -> #REF! | R10: =SUMIFS(明细表!L:L,明细表!D:D,A10,明细表!#REF!,"计划调整",明细表!#REF!,"预防性养护") -> #REF! | S10: =SUMIFS(明细表!#REF!,明细表!D:D,A10,明细表!#REF!,"计划调整",明细表!#REF!,"预防性养护") -> #REF! | T10: 衡阳13.223公里为路况差新纳入项目
A11: 邵阳市 | B11: =D11+L11 -> #REF! | C11: =E11+M11 -> #REF! | D11: =F11+H11+J11 -> #REF! | E11: =G11+I11+K11 -> #REF! | F11: =SUMIFS(明细表!L:L,明细表!D:D,A11,明细表!#REF!,"计划申报",明细表!#REF!,"大修") -> #REF! | G11: =SUMIFS(明细表!#REF!,明细表!D:D,A11,明细表!#REF!,"计划申报",明细表!#REF!,"大修") -> #REF! | H11: =SUMIFS(明细表!L:L,明细表!D:D,A11,明细表!#REF!,"计划申报",明细表!#REF!,"中修") -> #REF! | I11: =SUMIFS(明细表!#REF!,明细表!D:D,A11,明细表!#REF!,"计划申报",明细表!#REF!,"中修") -> #REF! | J11: =SUMIFS(明细表!L:L,明细表!D:D,A11,明细表!#REF!,"计划申报",明细表!#REF!,"预防性养护") -> #REF! | K11: =SUMIFS(明细表!#REF!,明细表!D:D,A11,明细表!#REF!,"计划申报",明细表!#REF!,"预防性养护") -> #REF! | L11: =N11+P11+R11 -> #REF! | M11: =O11+Q11+S11 -> #REF! | N11: =SUMIFS(明细表!L:L,明细表!D:D,A11,明细表!#REF!,"计划调整",明细表!#REF!,"大修") -> #REF! | O11: =SUMIFS(明细表!#REF!,明细表!D:D,A11,明细表!#REF!,"计划调整",明细表!#REF!,"大修") -> #REF! | P11: =SUMIFS(明细表!L:L,明细表!D:D,A11,明细表!#REF!,"计划调整",明细表!#REF!,"中修") -> #REF! | Q11: =SUMIFS(明细表!#REF!,明细表!D:D,A11,明细表!#REF!,"计划调整",明细表!#REF!,"中修") -> #REF! | R11: =SUMIFS(明细表!L:L,明细表!D:D,A11,明细表!#REF!,"计划调整",明细表!#REF!,"预防性养护") -> #REF! | S11: =SUMIFS(明细表!#REF!,明细表!D:D,A11,明细表!#REF!,"计划调整",明细表!#REF!,"预防性养护") -> #REF!
A12: 岳阳市 | B12: =D12+L12 -> #REF! | C12: =E12+M12 -> #REF! | D12: =F12+H12+J12 -> #REF! | E12: =G12+I12+K12 -> #REF! | F12: =SUMIFS(明细表!L:L,明细表!D:D,A12,明细表!#REF!,"计划申报",明细表!#REF!,"大修") -> #REF! | G12: =SUMIFS(明细表!#REF!,明细表!D:D,A12,明细表!#REF!,"计划申报",明细表!#REF!,"大修") -> #REF! | H12: =SUMIFS(明细表!L:L,明细表!D:D,A12,明细表!#REF!,"计划申报",明细表!#REF!,"中修") -> #REF! | I12: =SUMIFS(明细表!#REF!,明细表!D:D,A12,明细表!#REF!,"计划申报",明细表!#REF!,"中修") -> #REF! | J12: =SUMIFS(明细表!L:L,明细表!D:D,A12,明细表!#REF!,"计划申报",明细表!#REF!,"预防性养护") -> #REF! | K12: =SUMIFS(明细表!#REF!,明细表!D:D,A12,明细表!#REF!,"计划申报",明细表!#REF!,"预防性养护") -> #REF! | L12: =N12+P12+R12 -> #REF! | M12: =O12+Q12+S12 -> #REF! | N12: =SUMIFS(明细表!L:L,明细表!D:D,A12,明细表!#REF!,"计划调整",明细表!#REF!,"大修") -> #REF! | O12: =SUMIFS(明细表!#REF!,明细表!D:D,A12,明细表!#REF!,"计划调整",明细表!#REF!,"大修") -> #REF! | P12: =SUMIFS(明细表!L:L,明细表!D:D,A12,明细表!#REF!,"计划调整",明细表!#REF!,"中修") -> #REF! | Q12: =SUMIFS(明细表!#REF!,明细表!D:D,A12,明细表!#REF!,"计划调整",明细表!#REF!,"中修") -> #REF! | R12: =SUMIFS(明细表!L:L,明细表!D:D,A12,明细表!#REF!,"计划调整",明细表!#REF!,"预防性养护") -> #REF! | S12: =SUMIFS(明细表!#REF!,明细表!D:D,A12,明细表!#REF!,"计划调整",明细表!#REF!,"预防性养护") -> #REF!
A13: 常德市 | B13: =D13+L13 -> #REF! | C13: =E13+M13 -> #REF! | D13: =F13+H13+J13 -> #REF! | E13: =G13+I13+K13 -> #REF! | F13: =SUMIFS(明细表!L:L,明细表!D:D,A13,明细表!#REF!,"计划申报",明细表!#REF!,"大修") -> #REF! | G13: =SUMIFS(明细表!#REF!,明细表!D:D,A13,明细表!#REF!,"计划申报",明细表!#REF!,"大修") -> #REF! | H13: =SUMIFS(明细表!L:L,明细表!D:D,A13,明细表!#REF!,"计划申报",明细表!#REF!,"中修") -> #REF! | I13: =SUMIFS(明细表!#REF!,明细表!D:D,A13,明细表!#REF!,"计划申报",明细表!#REF!,"中修") -> #REF! | J13: =SUMIFS(明细表!L:L,明细表!D:D,A13,明细表!#REF!,"计划申报",明细表!#REF!,"预防性养护") -> #REF! | K13: =SUMIFS(明细表!#REF!,明细表!D:D,A13,明细表!#REF!,"计划申报",明细表!#REF!,"预防性养护") -> #REF! | L13: =N13+P13+R13 -> #REF! | M13: =O13+Q13+S13 -> #REF! | N13: =SUMIFS(明细表!L:L,明细表!D:D,A13,明细表!#REF!,"计划调整",明细表!#REF!,"大修") -> #REF! | O13: =SUMIFS(明细表!#REF!,明细表!D:D,A13,明细表!#REF!,"计划调整",明细表!#REF!,"大修") -> #REF! | P13: =SUMIFS(明细表!L:L,明细表!D:D,A13,明细表!#REF!,"计划调整",明细表!#REF!,"中修") -> #REF! | Q13: =SUMIFS(明细表!#REF!,明细表!D:D,A13,明细表!#REF!,"计划调整",明细表!#REF!,"中修") -> #REF! | R13: =SUMIFS(明细表!L:L,明细表!D:D,A13,明细表!#REF!,"计划调整",明细表!#REF!,"预防性养护") -> #REF! | S13: =SUMIFS(明细表!#REF!,明细表!D:D,A13,明细表!#REF!,"计划调整",明细表!#REF!,"预防性养护") -> #REF! | T13: 常德对接会核定计划16.65公里，其中8公里因地方配套困难未申报 | U13: =16.65-D13 -> #REF!
A14: 张家界市 | B14: =D14+L14 -> #REF! | C14: =E14+M14 -> #REF! | D14: =F14+H14+J14 -> #REF! | E14: =G14+I14+K14 -> #REF! | F14: =SUMIFS(明细表!L:L,明细表!D:D,A14,明细表!#REF!,"计划申报",明细表!#REF!,"大修") -> #REF! | G14: =SUMIFS(明细表!#REF!,明细表!D:D,A14,明细表!#REF!,"计划申报",明细表!#REF!,"大修") -> #REF! | H14: =SUMIFS(明细表!L:L,明细表!D:D,A14,明细表!#REF!,"计划申报",明细表!#REF!,"中修") -> #REF! | I14: =SUMIFS(明细表!#REF!,明细表!D:D,A14,明细表!#REF!,"计划申报",明细表!#REF!,"中修") -> #REF! | J14: =SUMIFS(明细表!L:L,明细表!D:D,A14,明细表!#REF!,"计划申报",明细表!#REF!,"预防性养护") -> #REF! | K14: =SUMIFS(明细表!#REF!,明细表!D:D,A14,明细表!#REF!,"计划申报",明细表!#REF!,"预防性养护") -> #REF! | L14: =N14+P14+R14 -> #REF! | M14: =O14+Q14+S14 -> #REF! | N14: =SUMIFS(明细表!L:L,明细表!D:D,A14,明细表!#REF!,"计划调整",明细表!#REF!,"大修") -> #REF! | O14: =SUMIFS(明细表!#REF!,明细表!D:D,A14,明细表!#REF!,"计划调整",明细表!#REF!,"大修") -> #REF! | P14: =SUMIFS(明细表!L:L,明细表!D:D,A14,明细表!#REF!,"计划调整",明细表!#REF!,"中修") -> #REF! | Q14: =SUMIFS(明细表!#REF!,明细表!D:D,A14,明细表!#REF!,"计划调整",明细表!#REF!,"中修") -> #REF! | R14: =SUMIFS(明细表!L:L,明细表!D:D,A14,明细表!#REF!,"计划调整",明细表!#REF!,"预防性养护") -> #REF! | S14: =SUMIFS(明细表!#REF!,明细表!D:D,A14,明细表!#REF!,"计划调整",明细表!#REF!,"预防性养护") -> #REF!
A15: 益阳市 | B15: =D15+L15 -> #REF! | C15: =E15+M15 -> #REF! | D15: =F15+H15+J15 -> #REF! | E15: =G15+I15+K15 -> #REF! | F15: =SUMIFS(明细表!L:L,明细表!D:D,A15,明细表!#REF!,"计划申报",明细表!#REF!,"大修") -> #REF! | G15: =SUMIFS(明细表!#REF!,明细表!D:D,A15,明细表!#REF!,"计划申报",明细表!#REF!,"大修") -> #REF! | H15: =SUMIFS(明细表!L:L,明细表!D:D,A15,明细表!#REF!,"计划申报",明细表!#REF!,"中修") -> #REF! | I15: =SUMIFS(明细表!#REF!,明细表!D:D,A15,明细表!#REF!,"计划申报",明细表!#REF!,"中修") -> #REF! | J15: =SUMIFS(明细表!L:L,明细表!D:D,A15,明细表!#REF!,"计划申报",明细表!#REF!,"预防性养护") -> #REF! | K15: =SUMIFS(明细表!#REF!,明细表!D:D,A15,明细表!#REF!,"计划申报",明细表!#REF!,"预防性养护") -> #REF! | L15: =N15+P15+R15 -> #REF! | M15: =O15+Q15+S15 -> #REF! | N15: =SUMIFS(明细表!L:L,明细表!D:D,A15,明细表!#REF!,"计划调整",明细表!#REF!,"大修") -> #REF! | O15: =SUMIFS(明细表!#REF!,明细表!D:D,A15,明细表!#REF!,"计划调整",明细表!#REF!,"大修") -> #REF! | P15: =SUMIFS(明细表!L:L,明细表!D:D,A15,明细表!#REF!,"计划调整",明细表!#REF!,"中修") -> #REF! | Q15: =SUMIFS(明细表!#REF!,明细表!D:D,A15,明细表!#REF!,"计划调整",明细表!#REF!,"中修") -> #REF! | R15: =SUMIFS(明细表!L:L,明细表!D:D,A15,明细表!#REF!,"计划调整",明细表!#REF!,"预防性养护") -> #REF! | S15: =SUMIFS(明细表!#REF!,明细表!D:D,A15,明细表!#REF!,"计划调整",明细表!#REF!,"预防性养护") -> #REF!
A16: 郴州市 | B16: =D16+L16 -> #REF! | C16: =E16+M16 -> #REF! | D16: =F16+H16+J16 -> #REF! | E16: =G16+I16+K16 -> #REF! | F16: =SUMIFS(明细表!L:L,明细表!D:D,A16,明细表!#REF!,"计划申报",明细表!#REF!,"大修") -> #REF! | G16: =SUMIFS(明细表!#REF!,明细表!D:D,A16,明细表!#REF!,"计划申报",明细表!#REF!,"大修") -> #REF! | H16: =SUMIFS(明细表!L:L,明细表!D:D,A16,明细表!#REF!,"计划申报",明细表!#REF!,"中修") -> #REF! | I16: =SUMIFS(明细表!#REF!,明细表!D:D,A16,明细表!#REF!,"计划申报",明细表!#REF!,"中修") -> #REF! | J16: =SUMIFS(明细表!L:L,明细表!D:D,A16,明细表!#REF!,"计划申报",明细表!#REF!,"预防性养护") -> #REF! | K16: =SUMIFS(明细表!#REF!,明细表!D:D,A16,明细表!#REF!,"计划申报",明细表!#REF!,"预防性养护") -> #REF! | L16: =N16+P16+R16 -> #REF! | M16: =O16+Q16+S16 -> #REF! | N16: =SUMIFS(明细表!L:L,明细表!D:D,A16,明细表!#REF!,"计划调整",明细表!#REF!,"大修") -> #REF! | O16: =SUMIFS(明细表!#REF!,明细表!D:D,A16,明细表!#REF!,"计划调整",明细表!#REF!,"大修") -> #REF! | P16: =SUMIFS(明细表!L:L,明细表!D:D,A16,明细表!#REF!,"计划调整",明细表!#REF!,"中修") -> #REF! | Q16: =SUMIFS(明细表!#REF!,明细表!D:D,A16,明细表!#REF!,"计划调整",明细表!#REF!,"中修") -> #REF! | R16: =SUMIFS(明细表!L:L,明细表!D:D,A16,明细表!#REF!,"计划调整",明细表!#REF!,"预防性养护") -> #REF! | S16: =SUMIFS(明细表!#REF!,明细表!D:D,A16,明细表!#REF!,"计划调整",明细表!#REF!,"预防性养护") -> #REF! | T16: 郴州对接会核定10.707公里，其中0.305公里因城管路段未申报
A17: 永州市 | B17: =D17+L17 -> #REF! | C17: =E17+M17 -> #REF! | D17: =F17+H17+J17 -> #REF! | E17: =G17+I17+K17 -> #REF! | F17: =SUMIFS(明细表!L:L,明细表!D:D,A17,明细表!#REF!,"计划申报",明细表!#REF!,"大修") -> #REF! | G17: =SUMIFS(明细表!#REF!,明细表!D:D,A17,明细表!#REF!,"计划申报",明细表!#REF!,"大修") -> #REF! | H17: =SUMIFS(明细表!L:L,明细表!D:D,A17,明细表!#REF!,"计划申报",明细表!#REF!,"中修") -> #REF! | I17: =SUMIFS(明细表!#REF!,明细表!D:D,A17,明细表!#REF!,"计划申报",明细表!#REF!,"中修") -> #REF! | J17: =SUMIFS(明细表!L:L,明细表!D:D,A17,明细表!#REF!,"计划申报",明细表!#REF!,"预防性养护") -> #REF! | K17: =SUMIFS(明细表!#REF!,明细表!D:D,A17,明细表!#REF!,"计划申报",明细表!#REF!,"预防性养护") -> #REF! | L17: =N17+P17+R17 -> #REF! | M17: =O17+Q17+S17 -> #REF! | N17: =SUMIFS(明细表!L:L,明细表!D:D,A17,明细表!#REF!,"计划调整",明细表!#REF!,"大修") -> #REF! | O17: =SUMIFS(明细表!#REF!,明细表!D:D,A17,明细表!#REF!,"计划调整",明细表!#REF!,"大修") -> #REF! | P17: =SUMIFS(明细表!L:L,明细表!D:D,A17,明细表!#REF!,"计划调整",明细表!#REF!,"中修") -> #REF! | Q17: =SUMIFS(明细表!#REF!,明细表!D:D,A17,明细表!#REF!,"计划调整",明细表!#REF!,"中修") -> #REF! | R17: =SUMIFS(明细表!L:L,明细表!D:D,A17,明细表!#REF!,"计划调整",明细表!#REF!,"预防性养护") -> #REF! | S17: =SUMIFS(明细表!#REF!,明细表!D:D,A17,明细表!#REF!,"计划调整",明细表!#REF!,"预防性养护") -> #REF!
A18: 怀化市 | B18: =D18+L18 -> #REF! | C18: =E18+M18 -> #REF! | D18: =F18+H18+J18 -> #REF! | E18: =G18+I18+K18 -> #REF! | F18: =SUMIFS(明细表!L:L,明细表!D:D,A18,明细表!#REF!,"计划申报",明细表!#REF!,"大修") -> #REF! | G18: =SUMIFS(明细表!#REF!,明细表!D:D,A18,明细表!#REF!,"计划申报",明细表!#REF!,"大修") -> #REF! | H18: =SUMIFS(明细表!L:L,明细表!D:D,A18,明细表!#REF!,"计划申报",明细表!#REF!,"中修") -> #REF! | I18: =SUMIFS(明细表!#REF!,明细表!D:D,A18,明细表!#REF!,"计划申报",明细表!#REF!,"中修") -> #REF! | J18: =SUMIFS(明细表!L:L,明细表!D:D,A18,明细表!#REF!,"计划申报",明细表!#REF!,"预防性养护") -> #REF! | K18: =SUMIFS(明细表!#REF!,明细表!D:D,A18,明细表!#REF!,"计划申报",明细表!#REF!,"预防性养护") -> #REF! | L18: =N18+P18+R18 -> #REF! | M18: =O18+Q18+S18 -> #REF! | N18: =SUMIFS(明细表!L:L,明细表!D:D,A18,明细表!#REF!,"计划调整",明细表!#REF!,"大修") -> #REF! | O18: =SUMIFS(明细表!#REF!,明细表!D:D,A18,明细表!#REF!,"计划调整",明细表!#REF!,"大修") -> #REF! | P18: =SUMIFS(明细表!L:L,明细表!D:D,A18,明细表!#REF!,"计划调整",明细表!#REF!,"中修") -> #REF! | Q18: =SUMIFS(明细表!#REF!,明细表!D:D,A18,明细表!#REF!,"计划调整",明细表!#REF!,"中修") -> #REF! | R18: =SUMIFS(明细表!L:L,明细表!D:D,A18,明细表!#REF!,"计划调整",明细表!#REF!,"预防性养护") -> #REF! | S18: =SUMIFS(明细表!#REF!,明细表!D:D,A18,明细表!#REF!,"计划调整",明细表!#REF!,"预防性养护") -> #REF!
A19: 娄底市 | B19: =D19+L19 -> #REF! | C19: =E19+M19 -> #REF! | D19: =F19+H19+J19 -> #REF! | E19: =G19+I19+K19 -> #REF! | F19: =SUMIFS(明细表!L:L,明细表!D:D,A19,明细表!#REF!,"计划申报",明细表!#REF!,"大修") -> #REF! | G19: =SUMIFS(明细表!#REF!,明细表!D:D,A19,明细表!#REF!,"计划申报",明细表!#REF!,"大修") -> #REF! | H19: =SUMIFS(明细表!L:L,明细表!D:D,A19,明细表!#REF!,"计划申报",明细表!#REF!,"中修") -> #REF! | I19: =SUMIFS(明细表!#REF!,明细表!D:D,A19,明细表!#REF!,"计划申报",明细表!#REF!,"中修") -> #REF! | J19: =SUMIFS(明细表!L:L,明细表!D:D,A19,明细表!#REF!,"计划申报",明细表!#REF!,"预防性养护") -> #REF! | K19: =SUMIFS(明细表!#REF!,明细表!D:D,A19,明细表!#REF!,"计划申报",明细表!#REF!,"预防性养护") -> #REF! | L19: =N19+P19+R19 -> #REF! | M19: =O19+Q19+S19 -> #REF! | N19: =SUMIFS(明细表!L:L,明细表!D:D,A19,明细表!#REF!,"计划调整",明细表!#REF!,"大修") -> #REF! | O19: =SUMIFS(明细表!#REF!,明细表!D:D,A19,明细表!#REF!,"计划调整",明细表!#REF!,"大修") -> #REF! | P19: =SUMIFS(明细表!L:L,明细表!D:D,A19,明细表!#REF!,"计划调整",明细表!#REF!,"中修") -> #REF! | Q19: =SUMIFS(明细表!#REF!,明细表!D:D,A19,明细表!#REF!,"计划调整",明细表!#REF!,"中修") -> #REF! | R19: =SUMIFS(明细表!L:L,明细表!D:D,A19,明细表!#REF!,"计划调整",明细表!#REF!,"预防性养护") -> #REF! | S19: =SUMIFS(明细表!#REF!,明细表!D:D,A19,明细表!#REF!,"计划调整",明细表!#REF!,"预防性养护") -> #REF!
A20: 湘西州 | B20: =D20+L20 -> #REF! | C20: =E20+M20 -> #REF! | D20: =F20+H20+J20 -> #REF! | E20: =G20+I20+K20 -> #REF! | F20: =SUMIFS(明细表!L:L,明细表!D:D,A20,明细表!#REF!,"计划申报",明细表!#REF!,"大修") -> #REF! | G20: =SUMIFS(明细表!#REF!,明细表!D:D,A20,明细表!#REF!,"计划申报",明细表!#REF!,"大修") -> #REF! | H20: =SUMIFS(明细表!L:L,明细表!D:D,A20,明细表!#REF!,"计划申报",明细表!#REF!,"中修") -> #REF! | I20: =SUMIFS(明细表!#REF!,明细表!D:D,A20,明细表!#REF!,"计划申报",明细表!#REF!,"中修") -> #REF! | J20: =SUMIFS(明细表!L:L,明细表!D:D,A20,明细表!#REF!,"计划申报",明细表!#REF!,"预防性养护") -> #REF! | K20: =SUMIFS(明细表!#REF!,明细表!D:D,A20,明细表!#REF!,"计划申报",明细表!#REF!,"预防性养护") -> #REF! | L20: =N20+P20+R20 -> #REF! | M20: =O20+Q20+S20 -> #REF! | N20: =SUMIFS(明细表!L:L,明细表!D:D,A20,明细表!#REF!,"计划调整",明细表!#REF!,"大修") -> #REF! | O20: =SUMIFS(明细表!#REF!,明细表!D:D,A20,明细表!#REF!,"计划调整",明细表!#REF!,"大修") -> #REF! | P20: =SUMIFS(明细表!L:L,明细表!D:D,A20,明细表!#REF!,"计划调整",明细表!#REF!,"中修") -> #REF! | Q20: =SUMIFS(明细表!#REF!,明细表!D:D,A20,明细表!#REF!,"计划调整",明细表!#REF!,"中修") -> #REF! | R20: =SUMIFS(明细表!L:L,明细表!D:D,A20,明细表!#REF!,"计划调整",明细表!#REF!,"预防性养护") -> #REF! | S20: =SUMIFS(明细表!#REF!,明细表!D:D,A20,明细表!#REF!,"计划调整",明细表!#REF!,"预防性养护") -> #REF!

Sheet 明细表
C1: 附件1
C2: 2026年第四批省养国省道大中修计划表
C3: 序号 | D3: 市州 | E3: 县（市、区） | F3: 实地埋设桩号 | I3: 12505km线路情况 | L3: 实施里程（公里） | M3: 技术等级 | N3: 原路面宽度（m） | O3: 原路面结构 | P3: 实施路面情况 | W3: 预防性养护措施
F4: 线路编号 | G4: 起点桩号 | H4: 终点桩号 | I4: 线路编号 | J4: 起点桩号 | K4: 终点桩号 | P4: 路面宽度（m） | Q4: 路面结构最低要求
Q5: 实施就地冷再生层厚度（cm） | R5: 旧水泥路面处治方案 | S5: 基层结构 | T5: 基层厚度（cm） | U5: 面层结构 | V5: 面层厚度（cm）
D6: 全省汇总 | L6: =L7+L11+L23+L29+L38+L45+L61+L71+L74+L91+L108+L124+L143 -> 126.525
D7: 长沙市 汇总 | L7: =SUBTOTAL(9,L9:L10) -> 1
D8: 计划申报 汇总 | L8: =SUBTOTAL(9,L9:L10) -> 1
A9: 计划申报 | B9: 中修 | C9: 1 | D9: 长沙市 | E9: 浏阳市 | F9: G106 | G9: 1696 | H9: 1696.05 | I9: G106 | J9: 1716.969 | K9: =J9+L9 -> 1717.019 | L9: =H9-G9 -> 0.05 | M9: 一级 | N9: 15 | O9: 沥青混凝土 | P9: 15 | R9: 旧路病害处治+铣刨4cm沥青砼 | U9: 改性沥青砼 | V9: 4
A10: 计划申报 | B10: 中修 | C10: 2 | D10: 长沙市 | E10: 浏阳市 | F10: G106 | G10: 1696.05 | H10: 1697 | I10: G106 | J10: 1717.019 | K10: 1717.969 | L10: =H10-G10 -> 0.95 | M10: 一级 | N10: 15 | O10: 沥青混凝土 | P10: 15 | R10: 旧路病害处治+铣刨4cm沥青砼 | U10: 改性沥青砼 | V10: 4
D11: 株洲市 汇总 | L11: =SUBTOTAL(9,L13:L22) -> 10.703
D12: 计划申报 汇总 | L12: =SUBTOTAL(9,L13:L22) -> 10.703
A13: 计划申报 | B13: 中修 | C13: 3 | D13: 株洲市 | E13: 醴陵市 | F13: G106 | G13: 1749.797 | H13: 1751 | I13: G106 | J13: 1776 | K13: 1777.203 | L13: =H13-G13 -> 1.203 | M13: 二级 | N13: 12 | O13: 沥青混凝土 | P13: 12 | R13: 旧路病害处治+铣刨4cm沥青砼 | U13: 改性沥青砼 | V13: 4
A14: 计划申报 | B14: 中修 | C14: 4 | D14: 株洲市 | E14: 醴陵市 | F14: G106 | G14: 1766 | H14: 1767 | I14: G106 | J14: 1782.203 | K14: 1783.203 | L14: =H14-G14 -> 1 | M14: 二级 | N14: 12 | O14: 沥青混凝土 | P14: 12 | R14: 旧路病害处治+铣刨4cm沥青砼 | U14: 改性沥青砼 | V14: 4
A15: 计划申报 | B15: 大修 | C15: 5 | D15: 株洲市 | E15: 醴陵市 | F15: G106 | G15: 1770 | H15: 1771 | I15: G106 | J15: 1795.445 | K15: 1796.445 | L15: =H15-G15 -> 1 | M15: 二级 | N15: 12 | O15: 沥青混凝土 | P15: 12 | R15: 旧路病害处治后加铺 | S15: 水稳 | T15: 30 | U15: 改性沥青砼 | V15: 9
A16: 计划申报 | B16: 大修 | C16: 6 | D16: 株洲市 | E16: 醴陵市 | F16: G106 | G16: 1771 | H16: 1772 | I16: G106 | J16: 1796.445 | K16: 1797.445 | L16: =H16-G16 -> 1 | M16: 二级 | N16: 12 | O16: 沥青混凝土 | P16: 12 | R16: 旧路病害处治后加铺 | S16: 水稳 | T16: 30 | U16: 改性沥青砼 | V16: 9
A17: 计划申报 | B17: 大修 | C17: 7 | D17: 株洲市 | E17: 醴陵市 | F17: G106 | G17: 1772 | H17: 1773 | I17: G106 | J17: 1797.445 | K17: 1798.445 | L17: =H17-G17 -> 1 | M17: 二级 | N17: 12 | O17: 沥青混凝土 | P17: 12 | R17: 旧路病害处治后加铺 | S17: 水稳 | T17: 30 | U17: 改性沥青砼 | V17: 9
A18: 计划申报 | B18: 大修 | C18: 8 | D18: 株洲市 | E18: 醴陵市 | F18: G106 | G18: 1773 | H18: 1774 | I18: G106 | J18: 1798.445 | K18: 1799.445 | L18: =H18-G18 -> 1 | M18: 二级 | N18: 12 | O18: 沥青混凝土 | P18: 12 | R18: 旧路病害处治后加铺 | S18: 水稳 | T18: 30 | U18: 改性沥青砼 | V18: 9
A19: 计划申报 | B19: 大修 | C19: 9 | D19: 株洲市 | E19: 攸县 | F19: G106 | G19: 1785 | H19: 1786 | I19: G106 | J19: 1811.235 | K19: 1812.235 | L19: =H19-G19 -> 1 | M19: 二级 | N19: 12 | O19: 沥青混凝土 | P19: 12 | R19: 旧路病害处治后加铺 | S19: 水稳 | T19: 30 | U19: 改性沥青砼 | V19: 9
A20: 计划申报 | B20: 大修 | C20: 10 | D20: 株洲市 | E20: 攸县 | F20: G106 | G20: 1795 | H20: 1796.5 | I20: G106 | J20: 1821.235 | K20: 1822.735 | L20: =H20-G20 -> 1.5 | M20: 二级 | N20: 12 | O20: 沥青混凝土 | P20: 12 | R20: 旧路病害处治后加铺 | S20: 水稳 | T20: 30 | U20: 改性沥青砼 | V20: 9
A21: 计划申报 | B21: 大修 | C21: 11 | D21: 株洲市 | E21: 茶陵县 | F21: G322 | G21: 1101 | H21: 1102 | I21: S320 | J21: 17.588 | K21: 18.588 | L21: =H21-G21 -> 1 | M21: 二级 | N21: 9 | O21: 沥青混凝土 | P21: 9 | R21: 旧路病害处治后加铺 | S21: 水稳 | T21: 30 | U21: 改性沥青砼 | V21: 9
A22: 计划申报 | B22: 中修 | C22: 12 | D22: 株洲市 | E22: 茶陵县 | F22: G322 | G22: 1113 | H22: 1114 | I22: S320 | J22: 29.588 | K22: 30.588 | L22: =H22-G22 -> 1 | M22: 二级 | N22: 9 | O22: 沥青混凝土 | P22: 9 | R22: 旧路病害处治+铣刨4cm沥青砼 | U22: 改性沥青砼 | V22: 4
D23: 湘潭市 汇总 | L23: =SUBTOTAL(9,L27:L28) -> 2.025
D24: 计划调整 汇总 | L24: =SUBTOTAL(9,L25:L26) -> 3.238
A25: 计划调整 | B25: 中修 | D25: 湘潭市 | E25: 湘潭县 | F25: G107 | G25: 1797 | H25: 1798 | I25: G107 | J25: 1703.672 | K25: 1704.672 | L25: =H25-G25 -> 1 | M25: 二级 | N25: 12 | O25: 沥青混凝土 | P25: 12 | R25: 旧路病害处治+铣刨4cm沥青砼 | U25: 改性沥青砼 | V25: 4
A26: 计划调整 | B26: 中修 | D26: 湘潭市 | E26: 湘潭县 | F26: G107 | G26: 1806 | H26: 1808.238 | I26: G107 | J26: 1712.672 | K26: 1714.91 | L26: =H26-G26 -> 2.238 | M26: 二级 | N26: 12 | O26: 沥青混凝土 | P26: 12 | R26: 旧路病害处治+铣刨4cm沥青砼 | U26: 改性沥青砼 | V26: 4
D27: 计划申报 汇总 | L27: =SUBTOTAL(9,L28) -> 2.025
A28: 计划申报 | B28: 大修 | C28: 13 | D28: 湘潭市 | E28: 湘乡市 | F28: G240 | G28: 1781.988 | H28: 1784.013 | I28: A000 | J28: 0 | K28: 0 | L28: =H28-G28 -> 2.025 | M28: 一级 | N28: 32 | O28: 水泥混凝土 | P28: 24 | U28: 改性沥青砼 | V28: 8
D29: 衡阳市 汇总 | L29: =SUBTOTAL(9,L31:L37) -> 13.223
D30: 计划申报 汇总 | L30: =SUBTOTAL(9,L31:L37) -> 13.223
A31: 计划申报 | B31: 中修 | C31: 14 | D31: 衡阳市 | E31: 衡山县 | F31: G240 | G31: 1870.002 | H31: 1872.627 | I31: S314 | J31: 22.845 | K31: 20.22 | L31: =H31-G31 -> 2.625 | M31: 一级 | N31: 40 | O31: 沥青混凝土 | P31: 7.5 | R31: 旧路病害处治后加铺 | U31: 改性沥青砼 | V31: 4
A32: 计划申报 | B32: 中修 | C32: 15 | D32: 衡阳市 | E32: 衡东县 | F32: G240 | G32: 1876.85 | H32: 1881 | I32: S314 | J32: 15.218 | K32: 11.068 | L32: =H32-G32 -> 4.15 | M32: 二级 | N32: 12 | O32: 沥青混凝土 | P32: 12 | R32: 旧路病害处治后加铺 | U32: 改性沥青砼 | V32: 4
A33: 计划申报 | B33: 中修 | C33: 16 | D33: 衡阳市 | E33: 衡东县 | F33: G240 | G33: 1883 | H33: 1885 | I33: S314 | J33: 9.068 | K33: 7.068 | L33: =H33-G33 -> 2 | M33: 二级 | N33: 12 | O33: 沥青混凝土 | P33: 12 | R33: 旧路病害处治后加铺 | U33: 改性沥青砼 | V33: 4
A34: 计划申报 | B34: 中修 | C34: 17 | D34: 衡阳市 | E34: 祁东县 | F34: G322 | G34: 1337 | H34: 1337.157 | I34: G322 | J34: 52.795 | K34: 52.952 | L34: =H34-G34 -> 0.157 | M34: 二级 | N34: 15 | O34: 沥青混凝土 | P34: 7.5 | R34: 旧路病害处治后加铺 | U34: 改性沥青砼 | V34: 4
A35: 计划申报 | B35: 中修 | C35: 18 | D35: 衡阳市 | E35: 祁东县 | F35: G322 | G35: 1337.157 | H35: 1338 | I35: G322 | J35: 52.952 | K35: 53.795 | L35: =H35-G35 -> 0.843 | M35: 二级 | N35: 20 | O35: 沥青混凝土 | P35: 7.5 | R35: 旧路病害处治后加铺 | U35: 改性沥青砼 | V35: 4
A36: 计划申报 | B36: 中修 | C36: 19 | D36: 衡阳市 | E36: 祁东县 | F36: G322 | G36: 1342 | H36: 1342.568 | I36: G322 | J36: 57.795 | K36: 58.363 | L36: =H36-G36 -> 0.568 | M36: 二级 | N36: 20 | O36: 沥青混凝土 | P36: 7.5 | R36: 旧路病害处治后加铺 | U36: 改性沥青砼 | V36: 4
A37: 计划申报 | B37: 中修 | C37: 20 | D37: 衡阳市 | E37: 祁东县 | F37: G322 | G37: 1342.568 | H37: 1345.448 | I37: G322 | J37: 58.363 | K37: 61.243 | L37: =H37-G37 -> 2.88 | M37: 二级 | N37: 30 | O37: 沥青混凝土 | P37: 7.5 | R37: 旧路病害处治后加铺 | U37: 改性沥青砼 | V37: 4
D38: 邵阳市 汇总 | L38: =SUBTOTAL(9,L41:L44) -> 3.106
D39: 计划调整 汇总 | L39: =SUBTOTAL(9,L40) -> 1.724
A40: 计划调整 | B40: 大修 | D40: 邵阳市 | E40: 绥宁县 | F40: S248 | G40: 52.113 | H40: 53.837 | I40: S348 | J40: 52.113 | K40: 53.837 | L40: =H40-G40 -> 1.724 | M40: 二级 | N40: 12 | O40: 水泥混凝土 | P40: 12 | R40: 旧路病害处治+多锤头碎石化后加铺 | S40: ATB | T40: 10 | U40: 改性沥青砼 | V40: 5
D41: 计划申报 汇总 | L41: =SUBTOTAL(9,L42:L44) -> 3.106
A42: 计划申报 | B42: 预防养护 | C42: 21 | D42: 邵阳市 | E42: 隆回县 | F42: G320 | G42: 1426 | H42: 1426.187 | I42: G320 | J42: 1390.505 | K42: 1390.692 | L42: =H42-G42 -> 0.187 | M42: 二级 | N42: 12 | O42: 沥青混凝土 | P42: 12 | U42: 改性沥青砼 | V42: 2-3 | W42: 薄层罩面
A43: 计划申报 | B43: 预防养护 | C43: 22 | D43: 邵阳市 | E43: 隆回县 | F43: G320 | G43: 1426.187 | H43: 1427 | I43: G320 | J43: 1390.692 | K43: 1391.505 | L43: =H43-G43 -> 0.813 | M43: 二级 | N43: 12 | O43: 沥青混凝土 | P43: 12 | U43: 改性沥青砼 | V43: 2-3 | W43: 薄层罩面
A44: 计划申报 | B44: 大修 | C44: 23 | D44: 邵阳市 | E44: 武冈市 | F44: G356 | G44: 1479 | H44: 1481.106 | I44: S219 | J44: 157.194 | K44: 159.3 | L44: =H44-G44 -> 2.106 | M44: 二级 | N44: 11 | O44: 水泥混凝土 | P44: 11 | R44: 旧路病害处治+多锤头碎石化后加铺 | S44: 水稳 | T44: 30 | U44: 改性沥青砼 | V44: 9
D45: 岳阳市 汇总 | L45: =SUBTOTAL(9,L47:L60) -> 23.5
D46: 计划申报 汇总 | L46: =SUBTOTAL(9,L47:L60) -> 23.5
A47: 计划申报 | B47: 中修 | C47: 24 | D47: 岳阳市 | E47: 华容县 | F47: G240 | G47: 1501 | H47: 1502 | I47: S306 | J47: 143.668 | K47: 142.668 | L47: =H47-G47 -> 1 | M47: 二级 | N47: 12 | O47: 沥青混凝土 | P47: 12 | R47: 旧路病害处治+铣刨4cm沥青砼 | U47: 改性沥青砼 | V47: 4
A48: 计划申报 | B48: 中修 | C48: 25 | D48: 岳阳市 | E48: 岳阳县 | F48: G240 | G48: 1582 | H48: 1583 | I48: X121 | J48: 1.333 | K48: 2.333 | L48: =H48-G48 -> 1 | M48: 一级 | N48: 24 | O48: 沥青混凝土 | P48: 24 | R48: 旧路病害处治+铣刨4cm沥青砼 | U48: 改性沥青砼 | V48: 4
A49: 计划申报 | B49: 中修 | C49: 26 | D49: 岳阳市 | E49: 岳阳县 | F49: G240 | G49: 1584.5 | H49: 1588 | I49: X121 | J49: 3.833 | K49: 7.333 | L49: =H49-G49 -> 3.5 | M49: 一级 | N49: 24 | O49: 沥青混凝土 | P49: 24 | R49: 旧路病害处治+铣刨4cm沥青砼 | U49: 改性沥青砼 | V49: 4
A50: 计划申报 | B50: 中修 | C50: 27 | D50: 岳阳市 | E50: 岳阳县 | F50: G240 | G50: 1595 | H50: 1599.304 | I50: X121 | J50: 14.333 | K50: 18.637 | L50: =H50-G50 -> 4.304 | M50: 一级 | N50: 24 | O50: 沥青混凝土 | P50: 24 | R50: 旧路病害处治+铣刨4cm沥青砼 | U50: 改性沥青砼 | V50: 4
A51: 计划申报 | B51: 中修 | C51: 28 | D51: 岳阳市 | E51: 汨罗市 | F51: G240 | G51: 1599.304 | H51: 1601 | I51: S201 | J51: 127.138 | K51: 128.834 | L51: =H51-G51 -> 1.696 | M51: 一级 | N51: 21 | O51: 沥青混凝土 | P51: 21 | R51: 旧路病害处治+铣刨4cm沥青砼 | U51: 改性沥青砼 | V51: 4
A52: 计划申报 | B52: 中修 | C52: 29 | D52: 岳阳市 | E52: 汨罗市 | F52: G240 | G52: 1601 | H52: 1602 | I52: S201 | J52: 128.834 | K52: 129.834 | L52: =H52-G52 -> 1 | M52: 一级 | N52: 21 | O52: 沥青混凝土 | P52: 21 | R52: 旧路病害处治+铣刨4cm沥青砼 | U52: 改性沥青砼 | V52: 4
A53: 计划申报 | B53: 中修 | C53: 30 | D53: 岳阳市 | E53: 汨罗市 | F53: G240 | G53: 1602 | H53: 1604 | I53: S201 | J53: 129.834 | K53: 131.834 | L53: =H53-G53 -> 2 | M53: 一级 | N53: 21 | O53: 沥青混凝土 | P53: 21 | R53: 旧路病害处治+铣刨4cm沥青砼 | U53: 改性沥青砼 | V53: 4
A54: 计划申报 | B54: 中修 | C54: 31 | D54: 岳阳市 | E54: 汨罗市 | F54: G240 | G54: 1618 | H54: 1618.524 | I54: S201 | J54: 145.834 | K54: 146.358 | L54: =H54-G54 -> 0.524 | M54: 一级 | N54: 21 | O54: 沥青混凝土 | P54: 21 | R54: 旧路病害处治+铣刨4cm沥青砼 | U54: 改性沥青砼 | V54: 4
A55: 计划申报 | B55: 中修 | C55: 32 | D55: 岳阳市 | E55: 汨罗市 | F55: G240 | G55: 1618.524 | H55: 1619 | I55: G240 | J55: 1618.524 | K55: 1619 | L55: =H55-G55 -> 0.476 | M55: 一级 | N55: 21 | O55: 沥青混凝土 | P55: 21 | R55: 旧路病害处治+铣刨4cm沥青砼 | U55: 改性沥青砼 | V55: 4
A56: 计划申报 | B56: 中修 | C56: 33 | D56: 岳阳市 | E56: 汨罗市 | F56: G240 | G56: 1623 | H56: 1625.989 | I56: S308 | J56: 147.587 | K56: 150.576 | L56: =H56-G56 -> 2.989 | M56: 一级 | N56: 21 | O56: 沥青混凝土 | P56: 21 | R56: 旧路病害处治+铣刨4cm沥青砼 | U56: 改性沥青砼 | V56: 4
A57: 计划申报 | B57: 中修 | C57: 34 | D57: 岳阳市 | E57: 汨罗市 | F57: G240 | G57: 1625.989 | H57: 1626 | I57: S308 | J57: 150.576 | K57: 150.587 | L57: =H57-G57 -> 0.011 | M57: 一级 | N57: 21 | O57: 沥青混凝土 | P57: 21 | R57: 旧路病害处治+铣刨4cm沥青砼 | U57: 改性沥青砼 | V57: 4
A58: 计划申报 | B58: 中修 | C58: 35 | D58: 岳阳市 | E58: 湘阴县 | F58: G240 | G58: 1636 | H58: 1637 | I58: S308 | J58: 160.587 | K58: 161.587 | L58: =H58-G58 -> 1 | M58: 一级 | N58: 21 | O58: 沥青混凝土 | P58: 21 | R58: 旧路病害处治+铣刨4cm沥青砼 | U58: 改性沥青砼 | V58: 4
... A60: 计划申报 | B60: 中修 | C60: 37 | D60: 岳阳市 | E60: 湘阴县 | F60: G536 | G60: 97 | H60: 99 | I60: S308 | J60: 180.84 | K60: 182.84 | L60: =H60-G60 -> 2 | M60: 二级 | N60: 9 | O60: 沥青混凝土 | P60: 9 | R60: 旧路病害处治+铣刨4cm沥青砼 | U60: 改性沥青砼 | V60: 4
D61: 常德市 汇总 | L61: =SUBTOTAL(9,L63:L70) -> 8.65
D62: 计划申报 汇总 | L62: =SUBTOTAL(9,L63:L70) -> 8.65
A63: 计划申报 | B63: 中修 | C63: 38 | D63: 常德市 | E63: 临澧县 | F63: G207 | G63: 2813 | H63: 2814 | I63: G207 | J63: 2813 | K63: 2814 | L63: =H63-G63 -> 1 | M63: 一级 | N63: 39 | O63: 沥青混凝土 | P63: 24 | R63: 旧路病害处治+铣刨4cm沥青砼 | U63: 改性沥青砼 | V63: 4
A64: 计划申报 | B64: 中修 | C64: 39 | D64: 常德市 | E64: 临澧县 | F64: G207 | G64: 2817 | H64: 2818 | I64: G207 | J64: 2247.557 | K64: 2248.557 | L64: =H64-G64 -> 1 | M64: 一级 | N64: 39 | O64: 沥青混凝土 | P64: 24 | R64: 旧路病害处治+铣刨4cm沥青砼 | U64: 改性沥青砼 | V64: 4
A65: 计划申报 | B65: 中修 | C65: 40 | D65: 常德市 | E65: 临澧县 | F65: G207 | G65: 2833 | H65: 2834 | I65: G207 | J65: 2263.557 | K65: 2264.557 | L65: =H65-G65 -> 1 | M65: 一级 | N65: 34 | O65: 沥青混凝土 | P65: 24 | R65: 旧路病害处治+铣刨4cm沥青砼 | U65: 改性沥青砼 | V65: 4
A66: 计划申报 | B66: 中修 | C66: 41 | D66: 常德市 | E66: 鼎城区 | F66: G207 | G66: 2839 | H66: 2840 | I66: G207 | J66: 2269.807 | K66: 2270.807 | L66: =H66-G66 -> 1 | M66: 一级 | N66: 40 | O66: 沥青混凝土 | P66: 12 | R66: 旧路病害处治+铣刨4cm沥青砼 | U66: 改性沥青砼 | V66: 4
A67: 计划申报 | B67: 大修 | C67: 42 | D67: 常德市 | E67: 鼎城区 | F67: G207 | G67: 2895.35 | H67: 2898 | I67: G207 | J67: 2326.264 | K67: 2328.914 | L67: =H67-G67 -> 2.65 | M67: 二级 | N67: 10.5 | O67: 水泥混凝土 | P67: 10.5 | R67: 旧路病害处治+多锤头碎石化后加铺 | S67: ATB | T67: 10 | U67: 改性沥青砼 | V67: 5
A68: 计划申报 | B68: 大修 | C68: 43 | D68: 常德市 | E68: 鼎城区 | F68: G207 | G68: 2898 | H68: 2898.62 | I68: G207 | J68: 2328.914 | K68: 2329.534 | L68: =H68-G68 -> 0.62 | M68: 二级 | N68: 10.5 | O68: 水泥混凝土 | P68: 10.5 | R68: 旧路病害处治+多锤头碎石化后加铺 | S68: ATB | T68: 10 | U68: 改性沥青砼 | V68: 5
A69: 计划申报 | B69: 大修 | C69: 44 | D69: 常德市 | E69: 鼎城区 | F69: G207 | G69: 2898.62 | H69: 2899 | I69: G207 | J69: 2329.534 | K69: 2329.914 | L69: =H69-G69 -> 0.38 | M69: 二级 | N69: 9 | O69: 水泥混凝土 | P69: 9 | R69: 旧路病害处治+多锤头碎石化后加铺 | S69: ATB | T69: 10 | U69: 改性沥青砼 | V69: 5
A70: 计划申报 | B70: 大修 | C70: 45 | D70: 常德市 | E70: 鼎城区 | F70: G207 | G70: 2903 | H70: 2904 | I70: G207 | J70: 2333.914 | K70: 2334.914 | L70: =H70-G70 -> 1 | M70: 二级 | N70: 9 | O70: 水泥混凝土 | P70: 9 | R70: 旧路病害处治+多锤头碎石化后加铺 | S70: ATB | T70: 10 | U70: 改性沥青砼 | V70: 5
D71: 张家界市 汇总 | L71: =SUBTOTAL(9,L73) -> 1
D72: 计划申报 汇总 | L72: =SUBTOTAL(9,L73) -> 1
A73: 计划申报 | B73: 中修 | C73: 46 | D73: 张家界市 | E73: 慈利县 | F73: G241 | G73: 2046 | H73: 2047 | I73: S305 | J73: 46.326 | K73: 47.326 | L73: =H73-G73 -> 1 | M73: 二级 | N73: 7.5 | O73: 沥青混凝土 | P73: 7.5 | R73: 旧路病害处治+铣刨4cm沥青砼 | U73: 改性沥青砼 | V73: 4
D74: 益阳市 汇总 | L74: =SUBTOTAL(9,L75:L90) -> 14
D75: 计划申报 汇总 | L75: =SUBTOTAL(9,L76:L90) -> 14
A76: 计划申报 | B76: 大修 | C76: 47 | D76: 益阳市 | E76: 桃江县 | F76: G207 | G76: 2961 | H76: 2961.372 | I76: G207 | J76: 2391.914 | K76: 2392.286 | L76: =H76-G76 -> 0.372 | M76: 二级 | N76: 8.5 | O76: 水泥混凝土 | P76: 8.5 | R76: 旧路病害处治+多锤头碎石化后加铺 | S76: ATB | T76: 10 | U76: 改性沥青砼 | V76: 5
A77: 计划申报 | B77: 大修 | C77: 48 | D77: 益阳市 | E77: 安化县 | F77: G207 | G77: 2961.372 | H77: 2962 | I77: G207 | J77: 2392.286 | K77: 2392.914 | L77: =H77-G77 -> 0.628 | M77: 二级 | N77: 8.5 | O77: 水泥混凝土 | P77: 8.5 | R77: 旧路病害处治+多锤头碎石化后加铺 | S77: ATB | T77: 10 | U77: 改性沥青砼 | V77: 5
A78: 计划申报 | B78: 大修 | C78: 49 | D78: 益阳市 | E78: 安化县 | F78: G207 | G78: 2970 | H78: 2971 | I78: G207 | J78: 2400.914 | K78: 2401.914 | L78: =H78-G78 -> 1 | M78: 二级 | N78: 9 | O78: 水泥混凝土 | P78: 9 | R78: 旧路病害处治+多锤头碎石化后加铺 | S78: ATB | T78: 10 | U78: 改性沥青砼 | V78: 5
A79: 计划申报 | B79: 大修 | C79: 50 | D79: 益阳市 | E79: 安化县 | F79: G207 | G79: 2974 | H79: 2975 | I79: G207 | J79: 2404.914 | K79: 2405.914 | L79: =H79-G79 -> 1 | M79: 二级 | N79: 9 | O79: 水泥混凝土 | P79: 9 | R79: 旧路病害处治+多锤头碎石化后加铺 | S79: ATB | T79: 10 | U79: 改性沥青砼 | V79: 5
A80: 计划申报 | B80: 大修 | C80: 51 | D80: 益阳市 | E80: 安化县 | F80: G207 | G80: 2975 | H80: 2976 | I80: G207 | J80: 2405.914 | K80: 2406.914 | L80: =H80-G80 -> 1 | M80: 二级 | N80: 9 | O80: 水泥混凝土 | P80: 9 | R80: 旧路病害处治+多锤头碎石化后加铺 | S80: ATB | T80: 10 | U80: 改性沥青砼 | V80: 5
A81: 计划申报 | B81: 中修 | C81: 52 | D81: 益阳市 | E81: 南县 | F81: G234 | G81: 2040 | H81: 2041 | I81: S204 | J81: 11.058 | K81: 12.058 | L81: =H81-G81 -> 1 | M81: 二级 | N81: 10.5 | O81: 沥青混凝土 | P81: 10.5 | R81: 旧路病害处治+铣刨4cm沥青砼 | U81: 改性沥青砼 | V81: 4
A82: 计划申报 | B82: 中修 | C82: 53 | D82: 益阳市 | E82: 南县 | F82: G234 | G82: 2048 | H82: 2049 | I82: S204 | J82: 19.058 | K82: 20.058 | L82: =H82-G82 -> 1 | M82: 二级 | N82: 10.5 | O82: 沥青混凝土 | P82: 10.5 | R82: 旧路病害处治+铣刨4cm沥青砼 | U82: 改性沥青砼 | V82: 4
A83: 计划申报 | B83: 中修 | C83: 54 | D83: 益阳市 | E83: 南县 | F83: G234 | G83: 2049 | H83: 2050 | I83: S204 | J83: 20.058 | K83: 21.058 | L83: =H83-G83 -> 1 | M83: 二级 | N83: 10.5 | O83: 沥青混凝土 | P83: 10.5 | R83: 旧路病害处治+铣刨4cm沥青砼 | U83: 改性沥青砼 | V83: 4
A84: 计划申报 | B84: 中修 | C84: 55 | D84: 益阳市 | E84: 南县 | F84: G234 | G84: 2058 | H84: 2059 | I84: S204 | J84: 29.058 | K84: 30.058 | L84: =H84-G84 -> 1 | M84: 二级 | N84: 10.5 | O84: 沥青混凝土 | P84: 10.5 | R84: 旧路病害处治+铣刨4cm沥青砼 | U84: 改性沥青砼 | V84: 4
A85: 计划申报 | B85: 中修 | C85: 56 | D85: 益阳市 | E85: 南县 | F85: G234 | G85: 2059 | H85: 2060 | I85: S204 | J85: 30.058 | K85: 31.058 | L85: =H85-G85 -> 1 | M85: 二级 | N85: 10.5 | O85: 沥青混凝土 | P85: 10.5 | R85: 旧路病害处治+铣刨4cm沥青砼 | U85: 改性沥青砼 | V85: 4
A86: 计划申报 | B86: 中修 | C86: 57 | D86: 益阳市 | E86: 南县 | F86: G234 | G86: 2061 | H86: 2062 | I86: S204 | J86: 32.058 | K86: 33.058 | L86: =H86-G86 -> 1 | M86: 二级 | N86: 10.5 | O86: 沥青混凝土 | P86: 10.5 | R86: 旧路病害处治+铣刨4cm沥青砼 | U86: 改性沥青砼 | V86: 4
A87: 计划申报 | B87: 中修 | C87: 58 | D87: 益阳市 | E87: 南县 | F87: G234 | G87: 2062 | H87: 2063 | I87: S204 | J87: 33.058 | K87: 34.058 | L87: =H87-G87 -> 1 | M87: 二级 | N87: 10.5 | O87: 沥青混凝土 | P87: 10.5 | R87: 旧路病害处治+铣刨4cm沥青砼 | U87: 改性沥青砼 | V87: 4
A88: 计划申报 | B88: 中修 | C88: 59 | D88: 益阳市 | E88: 南县 | F88: G234 | G88: 2063 | H88: 2064 | I88: S204 | J88: 34.058 | K88: 35.058 | L88: =H88-G88 -> 1 | M88: 二级 | N88: 10.5 | O88: 沥青混凝土 | P88: 10.5 | R88: 旧路病害处治+铣刨4cm沥青砼 | U88: 改性沥青砼 | V88: 4
A89: 计划申报 | B89: 中修 | C89: 60 | D89: 益阳市 | E89: 南县 | F89: G234 | G89: 2065 | H89: 2066 | I89: S204 | J89: 36.058 | K89: 37.058 | L89: =H89-G89 -> 1 | M89: 二级 | N89: 10.5 | O89: 沥青混凝土 | P89: 10.5 | R89: 旧路病害处治+铣刨4cm沥青砼 | U89: 改性沥青砼 | V89: 4
A90: 计划申报 | B90: 中修 | C90: 61 | D90: 益阳市 | E90: 南县 | F90: G234 | G90: 2066 | H90: 2067 | I90: S204 | J90: 37.058 | K90: 38.058 | L90: =H90-G90 -> 1 | M90: 二级 | N90: 10.5 | O90: 沥青混凝土 | P90: 10.5 | R90: 旧路病害处治+铣刨4cm沥青砼 | U90: 改性沥青砼 | V90: 4
D91: 郴州市 汇总 | L91: =SUBTOTAL(9,L93:L107) -> 15.123
D92: 计划申报 汇总 | L92: =SUBTOTAL(9,L93:L107) -> 15.123
A93: 计划申报 | B93: 中修 | C93: 62 | D93: 郴州市 | E93: 嘉禾县 | F93: G234 | G93: 2640.003 | H93: 2641 | I93: X101 | J93: 5.434 | K93: 6.431 | L93: =H93-G93 -> 0.997 | M93: 二级 | N93: 7 | O93: 沥青混凝土 | P93: 7 | R93: 旧路病害处治+铣刨4cm沥青砼 | U93: 改性沥青砼 | V93: 4
A94: 计划申报 | B94: 大修 | C94: 63 | D94: 郴州市 | E94: 安仁县 | F94: G240 | G94: 1986 | H94: 1986.612 | I94: S212 | J94: 42.388 | K94: 43 | L94: =H94-G94 -> 0.612 | M94: 二级 | N94: 12 | O94: 沥青混凝土 | P94: 12 | R94: 旧路病害处治后加铺 | S94: 水稳 | T94: 30 | U94: 改性沥青砼 | V94: 9
A95: 计划申报 | B95: 大修 | C95: 64 | D95: 郴州市 | E95: 安仁县 | F95: G240 | G95: 1986.612 | H95: 1987 | I95: S212 | J95: 43 | K95: 43.388 | L95: =H95-G95 -> 0.388 | M95: 二级 | N95: 12 | O95: 沥青混凝土 | P95: 12 | R95: 旧路病害处治后加铺 | S95: 水稳 | T95: 30 | U95: 改性沥青砼 | V95: 9
A96: 计划申报 | B96: 大修 | C96: 65 | D96: 郴州市 | E96: 安仁县 | F96: G240 | G96: 1990 | H96: 1990.262 | I96: S212 | J96: 46.738 | K96: 47 | L96: =H96-G96 -> 0.262 | M96: 二级 | N96: 12 | O96: 沥青混凝土 | P96: 12 | R96: 旧路病害处治后加铺 | S96: 水稳 | T96: 30 | U96: 改性沥青砼 | V96: 9
A97: 计划申报 | B97: 大修 | C97: 66 | D97: 郴州市 | E97: 安仁县 | F97: G240 | G97: 1990.262 | H97: 1990.681 | I97: S212 | J97: 47 | K97: 47.419 | L97: =H97-G97 -> 0.419 | M97: 二级 | N97: 12 | O97: 沥青混凝土 | P97: 12 | R97: 旧路病害处治后加铺 | S97: 水稳 | T97: 30 | U97: 改性沥青砼 | V97: 9
A98: 计划申报 | B98: 大修 | C98: 67 | D98: 郴州市 | E98: 安仁县 | F98: G240 | G98: 1990.681 | H98: 1991 | I98: S212 | J98: 47.419 | K98: 47.738 | L98: =H98-G98 -> 0.319 | M98: 二级 | N98: 12 | O98: 沥青混凝土 | P98: 12 | R98: 旧路病害处治后加铺 | S98: 水稳 | T98: 30 | U98: 改性沥青砼 | V98: 9
A99: 计划申报 | B99: 大修 | C99: 68 | D99: 郴州市 | E99: 安仁县 | F99: G240 | G99: 1992 | H99: 1993 | I99: S212 | J99: 48.738 | K99: 49.738 | L99: =H99-G99 -> 1 | M99: 二级 | N99: 12 | O99: 沥青混凝土 | P99: 12 | R99: 旧路病害处治后加铺 | S99: 水稳 | T99: 30 | U99: 改性沥青砼 | V99: 9
A100: 计划申报 | B100: 大修 | C100: 69 | D100: 郴州市 | E100: 永兴县 | F100: G240 | G100: 2013 | H100: 2015 | I100: S212 | J100: 69.854 | K100: 71.854 | L100: =H100-G100 -> 2 | M100: 二级 | N100: 12 | O100: 沥青混凝土 | P100: 12 | R100: 旧路病害处治后加铺 | S100: 水稳 | T100: 30 | U100: 改性沥青砼 | V100: 9
A101: 计划申报 | B101: 大修 | C101: 70 | D101: 郴州市 | E101: 安仁县 | F101: G322 | G101: 1166 | H101: 1167.451 | I101: S320 | J101: 82.468 | K101: 83.919 | L101: =H101-G101 -> 1.451 | M101: 二级 | N101: 10.5 | O101: 水泥混凝土 | P101: 10.5 | R101: 旧路病害处治+多锤头碎石化后加铺 | S101: 水稳 | T101: 30 | U101: 改性沥青砼 | V101: 9
...

Sheet 明细表 (颜色标注)
A1: 附件2
A2: 2026年第四批普通国道大中修资金计划明细表
A3: 序号 | B3: 市州 | C3: 县（市、区） | D3: 实地埋设桩号 | G3: 12505km线路情况 | J3: 实施里程（公里） | K3: 坐标 | O3: 路况检测情况 | P3: 技术等级 | Q3: 原路面宽度（m） | R3: 原路面结构 | S3: 计划实施情况 | V3: 实施路面情况 | AF3: 市州申报部省补助资金资金（万元） | AG3: 部省补助资金资金（万元） | AH3: 大修或建成年度 | AI3: 大修折算系数 | AJ3: 中修年度 | AK3: 中修折算系数 | AL3: 市州备注 | AM3: 组成类型 | AN3: 组成类型（细分） | AO3: 备注
D4: 线路编号 | E4: 起点桩号 | F4: 终点桩号 | G4: 线路编号 | H4: 起点桩号 | I4: 终点桩号 | K4: 起点 | M4: 终点 | V4: 路面宽度（m）双控取低值 | W4: 市州申报路面宽度（m） | X4: 路面结构最低要求 | AD4: 预防性养护措施 | AE4: 标准单价（元/m2） | AP4: 报送状态
K5: 经度 | L5: 纬度 | M5: 经度 | N5: 纬度 | S5: 计划类型 | T5: 工程分类 | U5: 处置方案类型 | X5: 实施就地冷再生层厚度（cm） | Y5: 旧水泥路面处治方案 | Z5: 基层结构 | AA5: 基层厚度（cm） | AB5: 面层结构 | AC5: 面层厚度（cm） | AQ5: 是否已下过计划（10年内大修/5年内中修） | AR5: 年报大修或改建年度 | AT5: 实地桩号 | AY5: 老桩号
A6: 1 | B6: 2市州 | C6: 3 | D6: 4 | E6: 5 | F6: 6 | G6: 7 | H6: 8 | I6: 9 | J6: 10实施里程 | K6: 11 | L6: 12 | M6: 13 | N6: 14 | O6: 15 | P6: 16 | Q6: 17 | R6: 18 | S6: 19 | T6: 20工程分类 | U6: 21 | V6: 22 | X6: 23 | Y6: 24 | Z6: 25 | AA6: 26 | AB6: 27 | AC6: 28 | AD6: 29 | AE6: 30 | AF6: 31 | AG6: 31部省 | AH6: 32 | AI6: 33 | AJ6: 34 | AK6: 35 | AL6: 36 | AM6: 37组成类型 | AN6: 37组成类型（细分） | AO6: 38 | AP6: 39 | AQ6: 40 | AR6: 41 | AS6: 1 | AT6: 2 | AU6: 3 | AV6: 4 | AW6: 1 | AX6: 2 | AY6: 3 | AZ6: 4 | BA6: 5
B7: 总计 | J7: =SUBTOTAL(9,J10:J172) -> 162.514 | AG7: =SUBTOTAL(9,AG10:AG172) -> 17833.881
B8: 长沙市 汇总 | J8: =SUBTOTAL(9,J10:J13) -> 2.23 | AG8: =SUBTOTAL(9,AG10:AG13) -> -14.13
B9: 计划申报 汇总 | J9: =SUBTOTAL(9,J10:J11) -> 1 | AG9: =SUBTOTAL(9,AG10:AG11) -> 103.95
A10: 1 | B10: 长沙市 | C10: 浏阳市 | D10: G106 | E10: 1696 | F10: 1696.05 | G10: G106 | H10: 1716.969 | I10: =H10+J10 -> 1717.019 | J10: =F10-E10 -> 0.05 | K10: 113.70838 | L10: 28.030121 | M10: 113.71371 | N10: 28.022451 | O10: 中,次 | P10: 一级 | Q10: 15 | R10: 沥青混凝土 | S10: 大中修 | T10: 中修 | U10: 铣刨重铺 | V10: 15 | W10: 15 | Y10: 旧路病害处治+铣刨4cm沥青砼 | AB10: 改性沥青砼 | AC10: 4 | AE10: 70 | AF10: 102 | AG10: =J10*V10*AE10*AK10*0.1 -> 4.2 | AH10: 1972 | AJ10: 2022 | AK10: 0.8 | AM10: 计划申报 | AN10: 2026年对接核定项目 | AO10: 2026年对接核定项目 | AP10: 省公路事务中心 | AQ10: 2022年中修（G106线1695.800-1696.050）；2013年大修（G106线1717.000-1718.000）； | AR10: 1972 | AS10: G106 1695.8-1696.05 0.05km 中修 2022第1批 | AW10: G106 1716.769-1717.019 0.05km 中修 2022第1批 | BB10: 打折
A11: 2 | B11: 长沙市 | C11: 浏阳市 | D11: G106 | E11: 1696.05 | F11: 1697 | G11: G106 | H11: 1717.019 | I11: 1717.969 | J11: =F11-E11 -> 0.95 | K11: 113.70838 | L11: 28.030121 | M11: 113.71371 | N11: 28.022451 | O11: 中,次 | P11: 一级 | Q11: 15 | R11: 沥青混凝土 | S11: 大中修 | T11: 中修 | U11: 铣刨重铺 | V11: 15 | W11: 15 | Y11: 旧路病害处治+铣刨4cm沥青砼 | AB11: 改性沥青砼 | AC11: 4 | AE11: 70 | AF11: 102 | AG11: =J11*V11*AE11*AK11*0.1 -> 99.75 | AH11: 1972 | AK11: 1 | AM11: 计划申报 | AN11: 2026年对接核定项目 | AO11: 2026年对接核定项目 | AP11: 省公路事务中心 | AQ11: 2022年中修（G106线1695.800-1696.050）；2013年大修（G106线1717.000-1718.000）； | AR11: 1972 | AS11: G106 1695.8-1696.05 0.05km 中修 2022第1批 | AW11: G106 1716.769-1717.019 0.05km 中修 2022第1批
B12: 计划调整 汇总 | J12: =SUBTOTAL(9,J13) -> 1.23 | AG12: =SUBTOTAL(9,AG13) -> -118.08
A13: 3 | B13: 长沙市 | C13: 望城区 | D13: S101 | E13: 16.29 | F13: 17.52 | G13: S101 | H13: 16.29 | I13: 17.52 | J13: =F13-E13 -> 1.23 | K13: 112.83906 | L13: 28.345519 | M13: 112.93185 | N13: 28.354446 | O13: 中 | P13: 一级 | Q13: 36 | R13: 沥青混凝土 | S13: 大中修 | T13: 预防性养护 | U13: 薄层罩面 | V13: 24 | W13: 36 | AB13: 改性沥青砼 | AC13: 2-3 | AD13: 薄层罩面 | AE13: 40 | AF13: 177.12 | AG13: =-J13*V13*AE13*AK13*0.1 -> -118.08 | AH13: 2008 | AK13: 1 | AL13: 随着地铁四号线工程项目的深入推进，S101线K16.29-K17.52段局部路段已变为地铁施工区域，且长时间内将无法进行薄层罩面施工，强行实施薄层罩面难以确保实施路段连续及施工质量，同时也极易造成不利的社会舆情，申请取消该段薄层罩面计划。 | AM13: 计划调整 | AN13: 计划调整项目 | AO13: 2026年第一批资金计划下达该路段预防性养护任务，因地铁施工，申请取消计划，本次扣减补助资金118万元。 | AP13: 省公路事务中心 | AR13: 2008 | AS13: S101 16.29-17.52 1.23km 预防性养护 2026第1批
B14: 株洲市 汇总 | J14: =SUBTOTAL(9,J16:J25) -> 10.703 | AG14: =SUBTOTAL(9,AG16:AG25) -> 1918.602
B15: 计划申报 汇总 | J15: =SUBTOTAL(9,J16:J25) -> 10.703 | AG15: =SUBTOTAL(9,AG16:AG25) -> 1918.602
A16: 4 | B16: 株洲市 | C16: 醴陵市 | D16: G106 | E16: 1749.797 | F16: 1751 | G16: G106 | H16: 1776 | I16: 1777.203 | J16: =F16-E16 -> 1.203 | K16: 113.49443 | L16: 27.464522 | M16: 113.50581 | N16: 27.622516 | O16: 中 | P16: 二级 | Q16: 12 | R16: 沥青混凝土 | S16: 大中修 | T16: 中修 | U16: 铣刨重铺 | V16: 12 | W16: 12 | Y16: 旧路病害处治+铣刨4cm沥青砼 | AB16: 改性沥青砼 | AC16: 4 | AE16: 70 | AF16: 98.16 | AG16: =J16*V16*AE16*AK16*0.1 -> 101.052 | AH16: 2002 | AJ16: 2022 | AK16: 1 | AM16: 计划申报 | AN16: 2026年对接核定项目 | AO16: 2026年对接核定项目，2021年提前实施，不打折 | AP16: 省公路事务中心 | AQ16: 2022年中修（G106线1749.797-1750.000）；2018年中修（G106线1732.696-1758.379）；2017年大修（G106线1777.000-1778.000）； | AR16: 2002 | AS16: G106 1749.797-1750 0.203km 中修 2022第1批 | AT16: G106 1750-1756.797 1km 中修 2022第1批 | AW16: G106 1776-1776.203 0.203km 中修 2022第1批 | AX16: G106 1776.203-1783 1km 中修 2022第1批 | AY16: G106 1774.522-1779.522 1.203km 预防性养护 2018第1批 | AZ16: G106 1776-1778 1.203km 大修 2016第1批 | BA16: G106 1777-1778 0.203km 大修 2017第1批
A17: 5 | B17: 株洲市 | C17: 醴陵市 | D17: G106 | E17: 1766 | F17: 1767 | G17: G106 | H17: 1782.203 | I17: 1783.203 | J17: =F17-E17 -> 1 | K17: 113.48808 | L17: 27.491625 | M17: 113.48981 | N17: 27.48274 | O17: 中 | P17: 二级 | Q17: 12 | R17: 沥青混凝土 | S17: 大中修 | T17: 中修 | U17: 铣刨重铺 | V17: 12 | W17: 12 | Y17: 旧路病害处治+铣刨4cm沥青砼 | AB17: 改性沥青砼 | AC17: 4 | AE17: 70 | AF17: 81.6 | AG17: =J17*V17*AE17*AK17*0.1 -> 84 | AH17: 2002 | AJ17: 2022 | AK17: 1 | AM17: 计划申报 | AN17: 2026年对接核定项目 | AO17: 2026年对接核定项目，2021年提前实施，不打折 | AP17: 省公路事务中心 | AQ17: 2022年中修（G106线1761.100-1767.181）；2019年大修（G106线1765.781-1767.181）； | AR17: 2002 | AS17: G106 1761.1-1767.181 1km 中修 2022第1批 | AT17: G106 1765.781-1767.181 1km 大修 2019第1批 | AW17: G106 1776.203-1783 0.797km 中修 2022第1批 | AX17: G106 1783-1784.811 0.203km 中修 2022第1批 | AY17: G106 1783-1784.808 0.203km 大修 2020第2批 | AZ17: G106 1782-1783 0.797km 大修 2017第1批
A18: 6 | B18: 株洲市 | C18: 醴陵市 | D18: G106 | E18: 1770 | F18: 1771 | G18: G106 | H18: 1795.445 | I18: 1796.445 | J18: =F18-E18 -> 1 | K18: 113.49245 | L18: 27.457255 | M18: 113.48942 | N18: 27.448772 | O18: 次 | P18: 二级 | Q18: 12 | R18: 沥青混凝土 | S18: 大中修 | T18: 大修 | U18: 旧路病害处治后加铺 | V18: 12 | W18: 12 | Y18: 旧路病害处治后加铺 | Z18: 水稳 | AA18: 30 | AB18: 改性沥青砼 | AC18: 9 | AE18: 215 | AF18: 258 | AG18: =J18*V18*AE18*AI18*0.1 -> 258 | AH18: 2002 | AI18: 1 | AJ18: 2022 | AM18: 计划申报 | AN18: 2026年对接核定项目 | AO18: 2026年对接核定项目，2021年提前实施，不打折 | AP18: 省公路事务中心 | AQ18: 2022年中修（G106线1769.532-1771.532）；2017年大修（G106线1796.000-1798.000）； | AR18: 2002 | AS18: G106 1769.532-1771.532 1km 中修 2022第1批 | AW18: G106 1796-1798 1km 中修 2022第1批 | AX18: G106 1794.983-1798.151 1km 中修 2018第1批 | AY18: G106 1796-1798 1km 大修 2016第2批
A19: 7 | B19: 株洲市 | C19: 醴陵市 | D19: G106 | E19: 1771 | F19: 1772 | G19: G106 | H19: 1796.445 | I19: 1797.445 | J19: =F19-E19 -> 1 | K19: 113.48942 | L19: 27.448772 | M19: 113.48679 | N19: 27.440063 | O19: 次 | P19: 二级 | Q19: 12 | R19: 沥青混凝土 | S19: 大中修 | T19: 大修 | U19: 旧路病害处治后加铺 | V19: 12 | W19: 12 | Y19: 旧路病害处治后加铺 | Z19: 水稳 | AA19: 30 | AB19: 改性沥青砼 | AC19: 9 | AE19: 215 | AF19: 258 | AG19: =J19*V19*AE19*AI19*0.1 -> 258 | AH19: 2002 | AI19: 1 | AJ19: 2022 | AM19: 计划申报 | AN19: 2026年对接核定项目 | AO19: 2026年对接核定项目，2021年提前实施，不打折 | AP19: 省公路事务中心 | AQ19: 2022年中修（G106线1769.532-1771.532）；2021年中修（G106线1771.797-1772.797）；2017年大修（G106线1796.000-1798.000）； | AR19: 2002 | AS19: G106 1769.532-1771.532 0.532km 中修 2022第1批 | AT19: G106 1771.797-1772.797 0.203km 中修 2021第2批 | AW19: G106 1796-1798 0.797km 中修 2022第1批 | AX19: G106 1798-1799 0.203km 中修 2021第2批 | AY19: G106 1794.983-1798.151 0.948km 中修 2018第1批 | AZ19: G106 1796-1798 0.797km 大修 2016第2批 | BA19: G106 1798-1799 0.203km 大修 2016第1批
A20: 8 | B20: 株洲市 | C20: 醴陵市 | D20: G106 | E20: 1772 | F20: 1773 | G20: G106 | H20: 1797.445 | I20: 1798.445 | J20: =F20-E20 -> 1 | K20: 113.48679 | L20: 27.440063 | M20: 113.48507 | N20: 27.431551 | O20: 次 | P20: 二级 | Q20: 12 | R20: 沥青混凝土 | S20: 大中修 | T20: 大修 | U20: 旧路病害处治后加铺 | V20: 12 | W20: 12 | Y20: 旧路病害处治后加铺 | Z20: 水稳 | AA20: 30 | AB20: 改性沥青砼 | AC20: 9 | AE20: 215 | AF20: 258 | AG20: =J20*V20*AE20*AI20*0.1 -> 258 | AH20: 2002 | AI20: 1 | AJ20: 2022 | AM20: 计划申报 | AN20: 2026年对接核定项目 | AO20: 2026年对接核定项目，2021年提前实施，不打折 | AP20: 省公路事务中心 | AQ20: 2022年中修（G106线1772.532-1772.797）；2021年中修（G106线1771.797-1772.797）；2017年大修（G106线1799.000-1803.255）； | AR20: 2002 | AS20: G106 1771.797-1772.797 0.797km 中修 2021第2批 | AT20: G106 1772.797-1777.235 0.203km 中修 2022第1批 | AW20: G106 1798-1799 0.797km 中修 2021第2批 | AX20: G106 1798-1799 0.797km 大修 2016第1批 | AY20: G106 1799-1803.47 0.203km 大修 2016第2批
A21: 9 | B21: 株洲市 | C21: 醴陵市 | D21: G106 | E21: 1773 | F21: 1774 | G21: G106 | H21: 1798.445 | I21: 1799.445 | J21: =F21-E21 -> 1 | K21: 113.48507 | L21: 27.431551 | M21: 113.47846 | N21: 27.424754 | O21: 次 | P21: 二级 | Q21: 12 | R21: 沥青混凝土 | S21: 大中修 | T21: 大修 | U21: 旧路病害处治后加铺 | V21: 12 | W21: 12 | Y21: 旧路病害处治后加铺 | Z21: 水稳 | AA21: 30 | AB21: 改性沥青砼 | AC21: 9 | AE21: 215 | AF21: 258 | AG21: =J21*V21*AE21*AI21*0.1 -> 258 | AH21: 2002 | AI21: 1 | AJ21: 2022 | AM21: 计划申报 | AN21: 2026年对接核定项目 | AO21: 2026年对接核定项目，2021年提前实施，不打折 | AP21: 省公路事务中心 | AQ21: 2022年中修（G106线1772.797-1777.235）；2017年大修（G106线1799.000-1803.255）； | AR21: 2002 | AS21: G106 1772.797-1777.235 1km 中修 2022第1批 | AW21: G106 1799.265-1803.47 0.938km 中修 2022第1批 | AX21: G106 1799-1803.47 1km 大修 2016第2批
A22: 10 | B22: 株洲市 | C22: 攸县 | D22: G106 | E22: 1785 | F22: 1786 | G22: G106 | H22: 1811.235 | I22: 1812.235 | J22: =F22-E22 -> 1 | K22: 113.39129 | L22: 27.018364 | M22: 113.39129 | N22: 27.018362 | O22: 差 | P22: 二级 | Q22: 12 | R22: 沥青混凝土 | S22: 大中修 | T22: 大修 | U22: 旧路病害处治后加铺 | V22: 12 | W22: 12 | Y22: 旧路病害处治后加铺 | Z22: 水稳 | AA22: 30 | AB22: 改性沥青砼 | AC22: 9 | AE22: 215 | AF22: 258 | AG22: =J22*V22*AE22*AI22*0.1 -> 154.8 | AH22: 2013 | AI22: 0.6 | AJ22: 2023 | AM22: 计划申报 | AN22: 2026年对接核定项目 | AO22: 2026年对接核定项目 | AP22: 省公路事务中心 | AQ22: 2023年中修（G106线1785.000-1786.000）；2013年大修（G106线1808.054-1814.000）； | AR22: 2013 | AS22: G106 1785-1786 1km 中修 2023第2批 | AW22: 接G106 1810.841-1811.235 0km 中修 2024第2批 | AX22: G106 1811.235-1812.235 1km 中修 2023第2批 | AY22: 接G106 1812.235-1813.235 0km 中修 2024第2批 | AZ22: G106 1808.054-1813.509 1km 大修 2013第2批 | BB22: 打折
A23: 11 | B23: 株洲市 | C23: 攸县 | D23: G106 | E23: 1795 | F23: 1796.5 | G23: G106 | H23: 1821.235 | I23: 1822.735 | J23: =F23-E23 -> 1.5 | K23: 113.39123 | L23: 27.018452 | M23: 113.3912 | N23: 27.018444 | O23: 差 | P23: 二级 | Q23: 12 | R23: 沥青混凝土 | S23: 大中修 | T23: 大修 | U23: 旧路病害处治后加铺 | V23: 12 | W23: 12 | Y23: 旧路病害处治后加铺 | Z23: 水稳 | AA23: 30 | AB23: 改性沥青砼 | AC23: 9 | AE23: 215 | AF23: 387 | AG23: =J23*V23*AE23*AI23*0.1 -> 309.6 | AH23: 2010 | AI23: 0.8 | AJ23: 2022 | AM23: 计划申报 | AN23: 2026年对接核定项目 | AO23: 2026年对接核定项目 | AP23: 省公路事务中心 | AQ23: 2022年中修（G106线1795.000-1797.500）；2018年中修（G106线1794.983-1798.151）；2014年大修（G106线1813.509-1824.171）； | AR23: 2010 | AS23: G106 1795-1797.5 1.5km 中修 2022第4批 | AT23: G106 1796.1-1801.1 0.4km 预防性养护 2019第2批 | AW23: G106 1821.235-1823.735 1.5km 中修 2022第4批 | AX23: G106 1822.335-1827.335 0.4km 预防性养护 2019第2批 | AY23: G106 1813.509-1824.171 1.5km 大修 2014第1批 | AZ23: 接G106 1819.235-1821.235 0km 大修 2025第2批 | BB23: 打折
A24: 12 | B24: 株洲市 | C24: 茶陵县 | D24: G322 | E24: 1101 | F24: 1102 | G24: S320 | H24: 17.588 | I24: 18.588 | J24: =F24-E24 -> 1 | K24: 113.72271 | L24: 26.937753 | M24: 113.71357 | N24: 26.934822 | O24: 次,差 | P24: 二级 | Q24: 9 | R24: 沥青混凝土 | S24: 大中修 | T24: 大修 | U24: 旧路病害处治后加铺 | V24: 9 | W24: 9 | Y24: 旧路病害处治后加铺 | Z24: 水稳 | AA24: 30 | AB24: 改性沥青砼 | AC24: 9 | AE24: 215 | AF24: 174.15 | AG24: =J24*V24*AE24*AI24*0.1 -> 174.15 | AH24: 2017 | AI24: 0.9 | AM24: 计划申报 | AN24: 2026年对接核定项目 | AO24: 2026年对接核定项目 | AP24: 省公路事务中心 | AQ24: 2017年大修（S320线16.000-43.000）； | AR24: 1968 | AW24: S320 16-43 1km 大修 2017第2批 | BB24: 打折
A25: 13 | B25: 株洲市 | C25: 茶陵县 | D25: G322 | E25: 1113 | F25: 1114 | G25: S320 | H25: 29.588 | I25: 30.588 | J25: =F25-E25 -> 1 | K25: 113.632 | L25: 26.874519 | M25: 113.62644 | N25: 26.866978 | O25: 中 | P25: 二级 | Q25: 9 | R25: 沥青混凝土 | S25: 大中修 | T25: 中修 | U25: 铣刨重铺 | V25: 9 | W25: 9 | Y25: 旧路病害处治+铣刨4cm沥青砼 | AB25: 改性沥青砼 | AC25: 4 | AE25: 70 | AF25: 76.5 | AG25: =J25*V25*AE25*AK25*0.1 -> 63 | AH25: 2017 | AK25: 1 | AM25: 计划申报 | AN25: 2026年对接核定项目 | AO25: 2026年对接核定项目 | AP25: 省公路事务中心 | AQ25: 2017年大修（S320线16.000-43.000）； | AR25: 1968 | AW25: S320 16-43 1km 大修 2017第2批 | AX25: S320 27.623-29.623 0.035km 大修 2025第2批
B26: 湘潭市 汇总 | J26: =SUBTOTAL(9,J28:J31) -> 5.263 | AG26: =SUBTOTAL(9,AG28:AG31) -> 552.0552
B27: 计划申报 汇总 | J27: =SUBTOTAL(9,J28) -> 2.025 | AG27: =SUBTOTAL(9,AG28) -> 486
A28: 14 | B28: 湘潭市 | C28: 湘乡市 | D28: G240 | E28: 1781.988 | F28: 1784.013 | G28: A000 | H28: 0 | I28: 0 | J28: =F28-E28 -> 2.025 | K28: 0 | L28: 0 | M28: 0 | N28: 0 | O28: 中 | P28: 一级 | Q28: 32 | R28: 水泥混凝土 | S28: 大中修 | T28: 大修 | U28: “白加黑”（100） | V28: 24 | W28: 32 | AB28: 改性沥青砼 | AC28: 8 | AE28: 100 | AG28: =J28*V28*AE28*AI28*0.1 -> 486 | AH28: 2009 | AI28: 1 | AL28: 该路段年报数据为沥青混凝土路面，实际为水泥路面。申请实施水泥路面大修“白加黑”改造：旧路病害处治+防裂措施+不小于5cm沥青砼面层+不小于3cm改性沥青砼面层。实施改造后移交城管。 | AM28: 计划申报 | AN28: 2026年对接核定项目，新增 | AO28: 2026年对接核定项目，新增，该路段年报数据为沥青混凝土路面，实际为水泥路面。实施改造后移交城管。 | AP28: 省公路事务中心 | AR28: 2009
B29: 计划调整 汇总 | J29: =SUBTOTAL(9,J30:J31) -> 3.238 | AG29: =SUBTOTAL(9,AG30:AG31) -> 66.0552
A30: 15 | B30: 湘潭市 | C30: 湘潭县 | D30: G107 | E30: 1797 | F30: 1798 | G30: G107 | H30: 1703.672 | I30: 1704.672 | J30: =F30-E30 -> 1 | K30: 0 | L30: 0 | M30: 0 | N30: 0 | O30: 中 | P30: 二级 | Q30: 12 | R30: 沥青混凝土 | S30: 大中修 | T30: 中修 | U30: 铣刨重铺 | V30: 12 | W30: 12 | Y30: 铣刨重铺 | AB30: 改性沥青砼 | AC30: 4 | AE30: 85 | AF30: 258 | AG30: =J30*V30*AE30*AK30*0.1*0.2 -> 20.4 | AJ30: 2021 | AK30: 1 | AL30: 申请2026年第一批资金计划中G107线，K1797-K1798，剩余20%补助 | AM30: 计划调整 | AN30: 计划调整项目 | AO30: 2026 年第一批资金下达项目 2026 年资金不应打折，原系数取值有误。前期测算误将 2021 年中修工程按 0.8 系数折算，申请补齐 0.2 折算对应的资金差额。 | AP30: 省公路事务中心 | AQ30: 2026年中修（G107线1797.000-1798.000）；2021年中修（G107线1797.000-1798.000）； | AR30: 2009 | AS30: G107 1797-1798 1km 中修 2021第1批 | AT30: G107 1797-1798 1km 中修 2026第1批 | AW30: 接G107 1700.672-1703.672 0km 大修 2020第2批 | AX30: G107 1703.672-1704.672 1km 中修 2021第1批 | AY30: 接G107 1704.672-1705.396 0km 大修 2020第2批 | BB30: =J30*V30*AE30*AK30*0.1*0.8 -> 81.6
A31: 16 | B31: 湘潭市 | C31: 湘潭县 | D31: G107 | E31: 1806 | F31: 1808.238 | G31: G107 | H31: 1712.672 | I31: 1714.91 | J31: =F31-E31 -> 2.238 | K31: 0 | L31: 0 | M31: 0 | N31: 0 | O31: 良 | P31: 二级 | Q31: 12 | R31: 沥青混凝土 | S31: 大中修 | T31: 中修 | U31: 铣刨重铺 | V31: 12 | W31: 12 | Y31: 铣刨重铺 | AB31: 改性沥青砼 | AC31: 4 | AE31: 85 | AF31: 577.4 | AG31: =J31*V31*AE31*AK31*0.1*0.2 -> 45.6552 | AJ31: 2021 | AK31: 1 | AL31: 申请2026年第一批资金计划中G107线，K1806-K1806.238，剩余20%补助 | AM31: 计划调整 | AN31: 计划调整项目 | AO31: 2026 年第一批资金下达项目 2026 年资金不应打折，原系数取值有误。前期测算误将 2021 年中修工程按 0.8 系数折算，申请补齐 0.2 折算对应的资金差额。 | AP31: 省公路事务中心 | AQ31: 2026年中修（G107线1806.000-1807.000）；2021年中修（G107线1806.000-1808.238）； | AR31: 2008 | AS31: G107 1806-1808.238 2.238km 中修 2021第1批 | AT31: G107 1806-1807 1km 中修 2026第1批 | AU31: G107 1807-1808.238 1.238km 中修 2026第1批 | AW31: 接G107 1709.672-1712.672 0km 大修 2020第2批 | AX31: G107 1712.672-1714.91 2.238km 中修 2021第1批 | AY31: 接G107 1714.91-1718.5 0km 预防性养护 2020第2批 | BB31: =J31*V31*AE31*AK31*0.1*0.8 -> 182.6208
B32: 衡阳市 汇总 | J32: =SUBTOTAL(9,J34:J40) -> 13.223 | AG32: =SUBTOTAL(9,AG34:AG40) -> 743.946
B33: 计划申报 汇总 | J33: =SUBTOTAL(9,J34:J40) -> 13.223 | AG33: =SUBTOTAL(9,AG34:AG40) -> 743.946
A34: 17 | B34: 衡阳市 | C34: 衡山县 | D34: G240 | E34: 1870.002 | F34: 1872.627 | G34: S314 | H34: 22.845 | I34: 20.22 | J34: =F34-E34 -> 2.625 | K34: 112.8569 | L34: 27.2542 | M34: 112.8755 | N34: 27.234 | O34: 良 | P34: 一级 | Q34: 40 | R34: 沥青混凝土 | S34: 大中修 | T34: 中修 | U34: 铣刨重铺 | V34: 7.5 | W34: 7.5 | Y34: 旧路病害处治+铣刨4cm沥青砼 | AB34: 改性沥青砼 | AC34: 4 | AE34: 70 | AF34: 133.88 | AG34: =J34*V34*AE34*AK34*0.1 -> 110.25 | AH34: 1995 | AJ34: 2022 | AK34: 0.8 | AM34: 计划申报 | AN34: 新增项目 | AO34: 路况差，市州申报新纳入项目 | AP34: 省公路事务中心 | AQ34: 2022年中修（G240线1870.002-1872.627）； | AR34: 1995 | AS34: G240 1870.002-1872.627 2.625km 中修 2022第1批 | AW34: S314 22.845-20.22 -2.625km 中修 2022第1批 | AX34: S314 20.245-22.845 2.6km 中修 2011第2批
A35: 18 | B35: 衡阳市 | C35: 衡东县 | D35: G240 | E35: 1876.85 | F35: 1881 | G35: S314 | H35: 15.218 | I35: 11.068 | J35: =F35-E35 -> 4.15 | K35: 112.87859 | L35: 27.20593 | M35: 112.89145 | N35: 27.174258 | O35: 良 | P35: 二级 | Q35: 12 | R35: 沥青混凝土 | S35: 大中修 | T35: 中修 | U35: 罩面 | V35: 12 | W35: 12 | Y35: 旧路病害处治 | AB35: 改性沥青砼 | AC35: 4 | AE35: 70 | AF35: 278.88 | AG35: =J35*V35*AE35*AK35*0.1 -> 278.88 | AH35: 1965 | AJ35: 2022 | AK35: 0.8 | AM35: 计划申报 | AN35: 新增项目 | AO35: 路况差，市州申报新纳入项目 | AP35: 省公路事务中心 | AQ35: 2022年中修（G240线1876.850-1881.000）； | AR35: 1965 | AS35: G240 1876.85-1881 4.15km 中修 2022第1批 | AW35: 接S314 16.248-15.218 0km 中修 2024第2批 | AX35: S314 15.218-11.068 -4.15km 中修 2022第1批 | AY35: 接S314 11.068-9.068 0km 预防性养护 2021第2批
A36: 19 | B36: 衡阳市 | C36: 衡东县 | D36: G240 | E36: 1883 | F36: 1885 | G36: S314 | H36: 9.068 | I36: 7.068 | J36: =F36-E36 -> 2 | K36: 112.90077 | L36: 27.158738 | M36: 112.91067 | N36: 27.143418 | O36: 良 | P36: 二级 | Q36: 12 | R36: 沥青混凝土 | S36: 大中修 | T36: 中修 | U36: 罩面 | V36: 12 | W36: 12 | Y36: 旧路病害处治 | AB36: 改性沥青砼 | AC36: 4 | AE36: 70 | AF36: 168 | AG36: =J36*V36*AE36*AK36*0.1 -> 168 | AH36: 1965 | AK36: 1 | AM36: 计划申报 | AN36: 新增项目 | AO36: 路况差，市州申报新纳入项目 | AP36: 省公路事务中心 | AR36: 1965 | AS36: G240 1883-1885 2km 预防性养护 2022第1批 | AW36: 接S314 11.068-9.068 0km 预防性养护 2021第2批 | AX36: S314 9.068-7.068 -2km 预防性养护 2022第1批
A37: 20 | B37: 衡阳市 | C37: 祁东县 | D37: G322 | E37: 1337 | F37: 1337.157 | G37: G322 | H37: 52.795 | I37: 52.952 | J37: =F37-E37 -> 0.157 | K37: 112.15097 | L37: 26.779654 | M37: 112.14949 | N37: 26.779936 | O37: 良 | P37: 二级 | Q37: 15 | R37: 沥青混凝土 | S37: 大中修 | T37: 中修 | U37: 铣刨重铺 | V37: 7.5 | W37: 7.5 | Y37: 旧路病害处治+铣刨4cm沥青砼 | AB37: 改性沥青砼 | AC37: 4 | AE37: 70 | AF37: 8.01 | AG37: =J37*V37*AE37*AK37*0.1 -> 6.594 | AH37: 1962 | AJ37: 2022 | AK37: 0.8 | AM37: 计划申报 | AN37: 新增项目 | AO37: 路况差，市州申报新纳入项目 | AP37: 省公路事务中心 | AQ37: 2022年中修（G322线1337.000-1337.157）；2017年大修（G322线51.000-52.804）； | AR37: 1962 | AS37: G322 1337-1337.157 0.157km 中修 2022第1批 | AW37: G322 52.795-52.952 0.157km 中修 2022第1批 | AX37: 接G322 52.952-53.795 0km 中修 2022第1批 | AY37: G322 51-52.804 0.009km 大修 2017第1批 | AZ37: G322 52.804-54.704 0.148km 大修 2012第1批
A38: 21 | B38: 衡阳市 | C38: 祁东县 | D38: G322 | E38: 1337.157 | F38: 1338 | G38: G322 | H38: 52.952 | I38: 53.795 | J38: =F38-E38 -> 0.843 | K38: 112.14949 | L38: 26.779936 | M38: 112.14152 | N38: 26.778489 | O38: 良 | P38: 二级 | Q38: 20 | R38: 沥青混凝土 | S38: 大中修 | T38: 中修 | U38: 铣刨重铺 | V38: 7.5 | W38: 7.5 | Y38: 旧路病害处治+铣刨4cm沥青砼 | AB38: 改性沥青砼 | AC38: 4 | AE38: 70 | AF38: 42.99 | AG38: =J38*V38*AE38*AK38*0.1 -> 35.406 | AH38: 1962 | AJ38: 2022 | AK38: 0.8 | AM38: 计划申报 | AN38: 新增项目 | AO38: 路况差，市州申报新纳入项目 | AP38: 省公路事务中心 | AQ38: 2022年中修（G322线1337.157-1338.000）； | AR38: 1962 | AS38: G322 1337.157-1338 0.843km 中修 2022第1批 | AW38: 接G322 52.795-52.952 0km 中修 2022第1批 | AX38: G322 52.952-53.795 0.843km 中修 2022第1批 | AY38: 接G322 53.795-55.046 0km 中修 2023第2批 | AZ38: G322 52.804-54.704 0.843km 大修 2012第1批
A39: 22 | B39: 衡阳市 | C39: 祁东县 | D39: G322 | E39: 1342 | F39: 1342.568 | G39: G322 | H39: 57.795 | I39: 58.363 | J39: =F39-E39 -> 0.568 | K39: 112.10278 | L39: 26.784432 | M39: 112.10067 | N39: 26.788851 | O39: 良 | P39: 二级 | Q39: 20 | R39: 沥青混凝土 | S39: 大中修 | T39: 中修 | U39: 铣刨重铺 | V39: 7.5 | W39: 7.5 | Y39: 旧路病害处治+铣刨4cm沥青砼 | AB39: 改性沥青砼 | AC39: 4 | AE39: 70 | AF39: 28.97 | AG39: =J39*V39*AE39*AK39*0.1 -> 23.856 | AH39: 1962 | AJ39: 2022 | AK39: 0.8 | AM39: 计划申报 | AN39: 新增项目 | AO39: 路况差，市州申报新纳入项目 | AP39: 省公路事务中心 | AQ39: 2022年中修（G322线1342.000-1342.568）； | AR39: 1962 | AS39: G322 1342-1342.568 0.568km 中修 2022第1批 | AW39: 接G322 57.79-57.795 0km 中修 2024第2批 | AX39: G322 57.795-58.363 0.568km 中修 2022第1批 | AY39: 接G322 58.363-58.5 0km 中修 2022第1批 | AZ39: G322 55.3-58.5 0.568km 中修 2015第1批
A40: 23 | B40: 衡阳市 | C40: 祁东县 | D40: G322 | E40: 1342.568 | F40: 1345.448 | G40: G322 | H40: 58.363 | I40: 61.243 | J40: =F40-E40 -> 2.88 | K40: 112.10067 | L40: 26.788851 | M40: 112.07254 | N40: 26.793871 | O40: 良 | P40: 二级 | Q40: 30 | R40: 沥青混凝土 | S40: 大中修 | T40: 中修 | U40: 铣刨重铺 | V40: 7.5 | W40: 7.5 | Y40: 旧路病害处治+铣刨4cm沥青砼 | AB40: 改性沥青砼 | AC40: 4 | AE40: 70 | AF40: 146.88 | AG40: =J40*V40*AE40*AK40*0.1 -> 120.96 | AH40: 1962 | AJ40: 2022 | AK40: 0.8 | AM40: 计划申报 | AN40: 新增项目 | AO40: 路况差，市州申报新纳入项目 | AP40: 省公路事务中心 | AQ40: 2022年中修（G322线1342.568-1342.705）； | AR40: 1962 | AS40: G322 1342.568-1342.705 0.137km 中修 2022第1批 | AT40: G322 1342.705-1345.448 2.743km 中修 2022第1批 | AW40: 接G322 57.795-58.363 0km 中修 2022第1批 | AX40: G322 58.363-58.5 0.137km 中修 2022第1批 | AY40: G322 58.5-61.243 2.743km 中修 2022第1批 | AZ40: G322 55.3-58.5 0.137km 中修 2015第1批
B41: 邵阳市 汇总 | J41: =SUBTOTAL(9,J43:J47) -> 4.83 | AG41: =SUBTOTAL(9,AG43:AG47) -> 534.486
B42: 计划申报 汇总 | J42: =SUBTOTAL(9,J43:J45) -> 3.106 | AG42: =SUBTOTAL(9,AG43:AG45) -> 534.486
A43: 25 | B43: 邵阳市 | C43: 隆回县 | D43: G320 | E43: 1426 | F43: 1426.187 | G43: G320 | H43: 1390.505 | I43: 1390.692 | J43: =F43-E43 -> 0.187 | K43: 111.19634 | L43: 27.195723 | M43: 111.1951 | N43: 27.194483 | O43: 中 | P43: 二级 | Q43: 12 | R43: 沥青混凝土 | S43: 大中修 | T43: 预防性养护 | U43: 薄层罩面 | V43: 12 | W43: 12 | AB43: 改性沥青砼 | AC43: 2-3 | AD43: 薄层罩面 | AE43: 40 | AF43: 8.98 | AG43: =J43*V43*AE43*AK43*0.1 -> 8.976 | AH43: 1929 | AJ43: 2020 | AK43: 1 | AM43: 计划申报 | AN43: 2026年对接核定项目 | AO43: 2026年对接核定项目 | AP43: 省公路事务中心 | AQ43: 2020年中修（G320线1424.495-1426.187）； | AR43: 1929 | AS43: G320 1424.495-1426.187 0.187km 中修 2020第1批 | AW43: 接G320 1390.692-1391.706 0km 中修 2020第2批 | AX43: G320 1389-1390.692 0.187km 中修 2020第1批 | AY43: G320 1389-1395 0.187km 大修 2013第1批
A44: 26 | B44: 邵阳市 | C44: 隆回县 | D44: G320 | E44: 1426.187 | F44: 1427 | G44: G320 | H44: 1390.692 | I44: 1391.505 | J44: =F44-E44 -> 0.813 | K44: 111.1951 | L44: 27.194483 | M44: 111.18949 | N44: 27.189492 | O44: 中 | P44: 二级 | Q44: 12 | R44: 沥青混凝土 | S44: 大中修 | T44: 预防性养护 | U44: 薄层罩面 | V44: 12 | W44: 12 | AB44: 改性沥青砼 | AC44: 2-3 | AD44: 薄层罩面 | AE44: 40 | AF44: 39.02 | AG44: =J44*V44*AE44*AK44*0.1 -> 39.024 | AH44: 1929 | AJ44: 2020 | AK44: 1 | AM44: 计划申报 | AN44: 2026年对接核定项目 | AO44: 2026年对接核定项目 | AP44: 省公路事务中心 | AQ44: 2020年中修（G320线1426.187-1427.201）；2013年大修（G320线1313.084-1463.000）； | AR44: 1929 | AS44: G320 1426.187-1427.201 0.813km 中修 2020第2批 | AW44: G320 1390.692-1391.706 0.813km 中修 2020第2批 | AX44: 接G320 1389-1390.692 0km 中修 2020第1批 | AY44: G320 1389-1395 0.813km 大修 2013第1批
A45: 27 | B45: 邵阳市 | C45: 武冈市 | D45: G356 | E45: 1479 | F45: 1481.106 | G45: S219 | H45: 157.194 | I45: 159.3 | J45: =F45-E45 -> 2.106 | K45: 110.51609 | L45: 26.663171 | M45: 110.50573 | N45: 26.648707 | O45: 良 | P45: 二级 | Q45: 11 | R45: 水泥混凝土 | S45: 大中修 | T45: 大修 | U45: 多锤头碎石化后加铺（220） | V45: 11 | W45: 11 | Y45: 旧路病害处治+多锤头碎石化后加铺 | Z45: 水稳 | AA45: 30 | AB45: 改性沥青砼 | AC45: 9 | AE45: 210 | AF45: 509.65 | AG45: =J45*V45*AE45*AI45*0.1 -> 486.486 | AH45: 2007 | AI45: 1 | AM45: 计划申报 | AN45: 2026年对接核定项目 | AO45: 2026年对接核定项目 | AP45: 省公路事务中心 | AQ45: 2013年大修（S219线106.300-160.000）； | AR45: 2007 | AW45: 接S219 159.3-162.394 0km 中修 2024第6批
B46: 计划调整 汇总 | J46: =SUBTOTAL(9,J47) -> 1.724 | AG46: =SUBTOTAL(9,AG47) -> 0
A47: 28 | B47: 邵阳市 | C47: 绥宁县 | D47: S248 | E47: 52.113 | F47: 53.837 | G47: S348 | H47: 52.113 | I47: 53.837 | J47: =F47-E47 -> 1.724 | K47: 110.32694 | L47: 26.747434 | M47: 110.30957 | N47: 26.718892 | O47: 良 | P47: 二级 | Q47: 12 | R47: 水泥混凝土 | S47: 大中修 | T47: 大修 | U47: 多锤头碎石化后加铺（190） | V47: 12 | W47: 12 | Y47: 旧路病害处治+多锤头碎石化后加铺 | Z47: ATB | AA47: 10 | AB47: 改性沥青砼 | AC47: 5 | AE47: 180 | AF47: 444.79 | AG47: 0 | AH47: 2015 | AI47: 1 | AL47: 本段为2026年第三批国省道养护资金计划，路面结构形式为就地冷再生+8cmATB+4cm面层，经现场取芯原旧路面实际为旧水泥砼路面加铺沥青砼面层（白加黑方案），鉴于该实际情况只能铣刨旧沥青砼面层，特申请在2026年第四批计划中调整为旧路病害处治+多锤头碎石化+10cmATB沥青碎石+5cm沥青砼面层。 | AM47: 计划调整 | AN47: 计划调整项目 | AO47: 省厅计划下达原路面结构为沥青路面，实际路面为水泥路面，本次仅修正原路面结构和处置方案信息，补助单价及 2026 年第三批已扣减 73 万元资金不作调整。 | AP47: 省公路事务中心 | AQ47: 2026年大修（S248线52.113-53.837）；2018年中修（S248线37.080-52.138）； | AR47: 1960 | AS47: S248 52.113-53.837 1.724km 大修 2026第1批
B48: 岳阳市 汇总 | J48: =SUBTOTAL(9,J50:J63) -> 23.5 | AG48: =SUBTOTAL(9,AG50:AG63) -> 3324.384
B49: 计划申报 汇总 | J49: =SUBTOTAL(9,J50:J63) -> 23.5 | AG49: =SUBTOTAL(9,AG50:AG63) -> 3324.384
A50: 29 | B50: 岳阳市 | C50: 华容县 | D50: G240 | E50: 1501 | F50: 1502 | G50: S306 | H50: 143.668 | I50: 142.668 | J50: =F50-E50 -> 1 | K50: 112.5536 | L50: 29.524797 | M50: 112.55361 | N50: 29.524757 | O50: 中 | P50: 二级 | Q50: 12 | R50: 沥青混凝土 | S50: 大中修 | T50: 中修 | U50: 铣刨重铺 | V50: 12 | W50: 12 | Y50: 旧路病害处治+铣刨4cm沥青砼 | AB50: 改性沥青砼 | AC50: 4 | AE50: 70 | AF50: 102 | AG50: =J50*V50*AE50*AK50*0.1 -> 84 | AH50: 2000 | AK50: 1 | AM50: 计划申报 | AN50: 2026年对接核定项目 | AO50: 2026年对接核定项目 | AP50: 省公路事务中心 | AQ50: 2020年大修（G240线1501.980-1503.980）； | AR50: 2000 | AS50: G240 1501.98-1503.98 0.02km 大修 2020第1批 | AW50: S306 140.691-142.691 0.023km 大修 2020第1批 | AX50: S306 142-147 1km 大修 2015第1批
A51: 30 | B51: 岳阳市 | C51: 岳阳县 | D51: G240 | E51: 1582 | F51: 1583 | G51: X121 | H51: 1.333 | I51: 2.333 | J51: =F51-E51 -> 1 | K51: 113.09493 | L51: 29.126341 | M51: 113.09433 | N51: 29.117431 | O51: 中 | P51: 一级 | Q51: 24 | R51: 沥青混凝土 | S51: 大中修 | T51: 中修 | U51: 铣刨重铺 | V51: 24 | W51: 24 | Y51: 旧路病害处治+铣刨4cm沥青砼 | AB51: 改性沥青砼 | AC51: 4 | AE51: 70 | AF51: 204 | AG51: =J51*V51*AE51*AK51*0.1 -> 168 | AH51: 2019 | AK51: 1 | AM51: 计划申报 | AN51: 2026年对接核定项目，新增 | AO51: 2026年对接核定项目，新增 | AP51: 省公路事务中心
A52: 31 | B52: 岳阳市 | C52: 岳阳县 | D52: G240 | E52: 1584.5 | F52: 1588 | G52: X121 | H52: 3.833 | I52: 7.333 | J52: =F52-E52 -> 3.5 | K52: 113.0968 | L52: 29.104272 | M52: 113.10724 | N52: 29.074421 | O52: 中 | P52: 一级 | Q52: 24 | R52: 沥青混凝土 | S52: 大中修 | T52: 中修 | U52: 铣刨重铺 | V52: 24 | W52: 24 | Y52: 旧路病害处治+铣刨4cm沥青砼 | AB52: 改性沥青砼 | AC52: 4 | AE52: 70 | AF52: 714 | AG52: =J52*V52*AE52*AK52*0.1 -> 588 | AH52: 2008 | AK52: 1 | AM52: 计划申报 | AN52: 2026年对接核定项目 | AO52: 2026年对接核定项目 | AP52: 省公路事务中心 | AR52: 2008
A53: 32 | B53: 岳阳市 | C53: 岳阳县 | D53: G240 | E53: 1595 | F53: 1599.304 | G53: X121 | H53: 14.333 | I53: 18.637 | J53: =F53-E53 -> 4.304 | K53: 113.09756 | L53: 29.014864 | M53: 113.11051 | N53: 28.97858 | O53: 中 | P53: 一级 | Q53: 24 | R53: 沥青混凝土 | S53: 大中修 | T53: 中修 | U53: 铣刨重铺 | V53: 24 | W53: 24 | Y53: 旧路病害处治+铣刨4cm沥青砼 | AB53: 改性沥青砼 | AC53: 4 | AE53: 70 | AF53: 878.02 | AG53: =J53*V53*AE53*AK53*0.1 -> 723.072 | AH53: 2008 | AK53: 1 | AM53: 计划申报 | AN53: 2026年对接核定项目 | AO53: 2026年对接核定项目 | AP53: 省公路事务中心 | AR53: 2008
A54: 33 | B54: 岳阳市 | C54: 汨罗市 | D54: G240 | E54: 1599.304 | F54: 1601 | G54: S201 | H54: 127.138 | I54: 128.834 | J54: =F54-E54 -> 1.696 | K54: 113.11051 | L54: 28.97858 | M54: 113.10804 | N54: 28.963635 | O54: 中 | P54: 一级 | Q54: 21 | R54: 沥青混凝土 | S54: 大中修 | T54: 中修 | U54: 铣刨重铺 | V54: 21 | W54: 21 | Y54: 旧路病害处治+铣刨4cm沥青砼 | AB54: 改性沥青砼 | AC54: 4 | AE54: 70 | AF54: 302.74 | AG54: =J54*V54*AE54*AK54*0.1 -> 249.312 | AH54: 2018 | AK54: 1 | AM54: 计划申报 | AN54: 2026年对接核定项目 | AO54: 2026年对接核定项目 | AP54: 省公路事务中心 | AR54: 2018
A55: 34 | B55: 岳阳市 | C55: 汨罗市 | D55: G240 | E55: 1601 | F55: 1602 | G55: S201 | H55: 128.834 | I55: 129.834 | J55: =F55-E55 -> 1 | K55: 113.10804 | L55: 28.963635 | M55: 113.10242 | N55: 28.956093 | O55: 中 | P55: 一级 | Q55: 21 | R55: 沥青混凝土 | S55: 大中修 | T55: 中修 | U55: 铣刨重铺 | V55: 21 | W55: 21 | Y55: 旧路病害处治+铣刨4cm沥青砼 | AB55: 改性沥青砼 | AC55: 4 | AE55: 70 | AF55: 178.5 | AG55: =J55*V55*AE55*AK55*0.1 -> 147 | AH55: 2018 | AK55: 1 | AM55: 计划申报 | AN55: 2026年对接核定项目 | AO55: 2026年对接核定项目 | AP55: 省公路事务中心 | AR55: 2018
A56: 35 | B56: 岳阳市 | C56: 汨罗市 | D56: G240 | E56: 1602 | F56: 1604 | G56: S201 | H56: 129.834 | I56: 131.834 | J56: =F56-E56 -> 2 | K56: 113.10242 | L56: 28.956093 | M56: 113.09068 | N56: 28.941561 | O56: 中 | P56: 一级 | Q56: 21 | R56: 沥青混凝土 | S56: 大中修 | T56: 中修 | U56: 铣刨重铺 | V56: 21 | W56: 21 | Y56: 旧路病害处治+铣刨4cm沥青砼 | AB56: 改性沥青砼 | AC56: 4 | AE56: 70 | AF56: 357 | AG56: =J56*V56*AE56*AK56*0.1 -> 294 | AH56: 2018 | AK56: 1 | AM56: 计划申报 | AN56: 2026年对接核定项目 | AO56: 2026年对接核定项目 | AP56: 省公路事务中心 | AR56: 2018
A57: 36 | B57: 岳阳市 | C57: 汨罗市 | D57: G240 | E57: 1618 | F57: 1618.524 | G57: S201 | H57: 145.834 | I57: 146.358 | J57: =F57-E57 -> 0.524 | K57: 113.06263 | L57: 28.823979 | M57: 113.05367 | N57: 28.826072 | O57: 中 | P57: 一级 | Q57: 21 | R57: 沥青混凝土 | S57: 大中修 | T57: 中修 | U57: 铣刨重铺 | V57: 21 | W57: 21 | Y57: 旧路病害处治+铣刨4cm沥青砼 | AB57: 改性沥青砼 | AC57: 4 | AE57: 70 | AF57: 93.53 | AG57: =J57*V57*AE57*AK57*0.1 -> 77.028 | AH57: 2018 | AK57: 1 | AM57: 计划申报 | AN57: 2026年对接核定项目 | AO57: 2026年对接核定项目 | AP57: 省公路事务中心 | AR57: 2018
A58: 37 | B58: 岳阳市 | C58: 汨罗市 | D58: G240 | E58: 1618.524 | F58: 1619 | G58: G240 | H58: 1618.524 | I58: 1619 | J58: =F58-E58 -> 0.476 | K58: 113.05367 | L58: 28.826072 | M58: 113.65328 | N58: 28.826128 | O58: 中 | P58: 一级 | Q58: 21 | R58: 沥青混凝土 | S58: 大中修 | T58: 中修 | U58: 铣刨重铺 | V58: 21 | W58: 21 | Y58: 旧路病害处治+铣刨4cm沥青砼 | AB58: 改性沥青砼 | AC58: 4 | AE58: 70 | AF58: 84.97 | AG58: =J58*V58*AE58*AK58*0.1 -> 69.972 | AH58: 2018 | AK58: 1 | AM58: 计划申报 | AN58: 2026年对接核定项目 | AO58: 2026年对接核定项目 | AP58: 省公路事务中心 | AR58: 2018
A59: 38 | B59: 岳阳市 | C59: 汨罗市 | D59: G240 | E59: 1623 | F59: 1625.989 | G59: S308 | H59: 147.587 | I59: 150.576 | J59: =F59-E59 -> 2.989 | K59: 113.04318 | L59: 28.799918 | M59: 113.0488 | N59: 28.773952 | O59: 中 | P59: 一级 | Q59: 21 | R59: 沥青混凝土 | S59: 大中修 | T59: 中修 | U59: 铣刨重铺 | V59: 21 | W59: 21 | Y59: 旧路病害处治+铣刨4cm沥青砼 | AB59: 改性沥青砼 | AC59: 4 | AE59: 70 | AF59: 533.54 | AG59: =J59*V59*AE59*AK59*0.1 -> 439.383 | AH59: 2021 | AK59: 1 | AM59: 计划申报 | AN59: 2026年对接核定项目 | AO59: 2026年对接核定项目 | AP59: 省公路事务中心 | AR59: 2018 | AW59: S308 146.215-148.57 0.983km 大修 2021第2批 | AX59: S308 148.57-150.576 2.006km 大修 2021第2批 | AY59: S308 145-150 2.413km 中修 2011第1批
A60: 39 | B60: 岳阳市 | C60: 汨罗市 | D60: G240 | E60: 1625.989 | F60: 1626 | G60: S308 | H60: 150.576 | I60: 150.587 | J60: =F60-E60 -> 0.011 | K60: 113.0488 | L60: 28.773952 | M60: 113.04884 | N60: 28.773859 | O60: 中 | P60: 一级 | Q60: 21 | R60: 沥青混凝土 | S60: 大中修 | T60: 中修 | U60: 铣刨重铺 | V60: 21 | W60: 21 | Y60: 旧路病害处治+铣刨4cm沥青砼 | AB60: 改性沥青砼 | AC60: 4 | AE60: 70 | AF60: 1.96 | AG60: =J60*V60*AE60*AK60*0.1 -> 1.617 | AH60: 2018 | AK60: 1 | AL60: 为保证中修路段连续性，本路段为长链路段 | AM60: 计划申报 | AN60: 2026年对接核定项目 | AO60: 2026年对接核定项目 | AP60: 省公路事务中心 | AR60: 2018 | AW60: 接S308 148.57-150.576 0km 大修 2021第2批
A61: 40 | B61: 岳阳市 | C61: 湘阴县 | D61: G240 | E61: 1636 | F61: 1637 | G61: S308 | H61: 160.587 | I61: 161.587 | J61: =F61-E61 -> 1 | K61: 112.96602 | L61: 28.713843 | M61: 112.95657 | N61: 28.710193 | O61: 中,次 | P61: 一级 | Q61: 21 | R61: 沥青混凝土 | S61: 大中修 | T61: 中修 | U61: 铣刨重铺 | V61: 21 | W61: 21 | Y61: 旧路病害处治+铣刨4cm沥青砼 | AB61: 改性沥青砼 | AC61: 4 | AE61: 70 | AF61: 178.5 | AG61: =J61*V61*AE61*AK61*0.1 -> 147 | AH61: 2018 | AK61: 1 | AM61: 计划申报 | AN61: 2026年对接核定项目 | AO61: 2026年对接核定项目 | AP61: 省公路事务中心 | AR61: 2018
A62: 41 | B62: 岳阳市 | C62: 湘阴县 | D62: G240 | E62: 1639 | F62: 1641 | G62: S308 | H62: 163.587 | I62: 165.587 | J62: =F62-E62 -> 2 | K62: 112.92749 | L62: 28.7058 | M62: 112.92215 | N62: 28.697938 | O62: 中,次 | P62: 一级 | Q62: 15 | R62: 沥青混凝土 | S62: 大中修 | T62: 中修 | U62: 铣刨重铺 | V62: 15 | W62: 15 | Y62: 旧路病害处治+铣刨4cm沥青砼 | AB62: 改性沥青砼 | AC62: 4 | AE62: 70 | AF62: 255 | AG62: =J62*V62*AE62*AK62*0.1 -> 210 | AH62: 2018 | AK62: 1 | AM62: 计划申报 | AN62: 2026年对接核定项目 | AO62: 2026年对接核定项目 | AP62: 省公路事务中心 | AR62: 2018
A63: 42 | B63: 岳阳市 | C63: 湘阴县 | D63: G536 | E63: 97 | F63: 99 | G63: S308 | H63: 180.84 | I63: 182.84 | J63: =F63-E63 -> 2 | K63: 112.77695 | L63: 28.678577 | M63: 112.75666 | N63: 28.680643 | O63: 中,次 | P63: 二级 | Q63: 9 | R63: 沥青混凝土 | S63: 大中修 | T63: 中修 | U63: 铣刨重铺 | V63: 9 | W63: 9 | Y63: 旧路病害处治+铣刨4cm沥青砼 | AB63: 改性沥青砼 | AC63: 4 | AE63: 70 | AF63: 153 | AG63: =J63*V63*AE63*AK63*0.1 -> 126 | AH63: 2020 | AK63: 1 | AM63: 计划申报 | AN63: 2026年对接核定项目 | AO63: 2026年对接核定项目 | AP63: 省公路事务中心 | AQ63: 2020年大修（G536线97.000-98.000）； | AR63: 2014 | AS63: G536 97-98 1km 大修 2020第1批 | AT63: G536 98-99 1km 大修 2020第1批 | AW63: S308 180.122-181.122 0.282km 大修 2020第1批 | AX63: S308 181.122-182.122 1km 大修 2020第1批 | AY63: S308 182.122-183.122 0.718km 大修 2020第1批
B64: 常德市 汇总 | J64: =SUBTOTAL(9,J66:J73) -> 8.65 | AG64: =SUBTOTAL(9,AG66:AG73) -> 1429.59
B65: 计划申报 汇总 | J65: =SUBTOTAL(9,J66:J73) -> 8.65 | AG65: =SUBTOTAL(9,AG66:AG73) -> 1429.59
A66: 43 | B66: 常德市 | C66: 临澧县 | D66: G207 | E66: 2813 | F66: 2814 | G66: G207 | H66: 2813 | I66: 2814 | J66: =F66-E66 -> 1 | K66: 111.66255 | L66: 29.473036 | M66: 111.66811 | N66: 29.465508 | O66: 中 | P66: 一级 | Q66: 39 | R66: 沥青混凝土 | S66: 大中修 | T66: 中修 | U66: 铣刨重铺 | V66: 24 | W66: 24 | Y66: 旧路病害处治+铣刨4cm沥青砼 | AB66: 改性沥青砼 | AC66: 4 | AE66: 70 | AF66: 204 | AG66: =J66*V66*AE66*AK66*0.1 -> 168 | AH66: 2017 | AK66: 1 | AL66: 无 | AM66: 计划申报 | AN66: 2026年对接核定项目 | AO66: 2026年对接核定项目 | AP66: 省公路事务中心 | AR66: 2017
A67: 44 | B67: 常德市 | C67: 临澧县 | D67: G207 | E67: 2817 | F67: 2818 | G67: G207 | H67: 2247.557 | I67: 2248.557 | J67: =F67-E67 -> 1 | K67: 111.67203 | L67: 29.43965 | M67: 111.66383 | N67: 29.434488 | O67: 中 | P67: 一级 | Q67: 39 | R67: 沥青混凝土 | S67: 大中修 | T67: 中修 | U67: 铣刨重铺 | V67: 24 | W67: 24 | Y67: 旧路病害处治+铣刨4cm沥青砼 | AB67: 改性沥青砼 | AC67: 4 | AE67: 70 | AF67: 204 | AG67: =J67*V67*AE67*AK67*0.1 -> 168 | AH67: 2017 | AK67: 1 | AM67: 计划申报 | AN67: 2026年对接核定项目 | AO67: 2026年对接核定项目 | AP67: 省公路事务中心 | AR67: 2017 | AW67: G207 2243.1-2249.1 1km 大修 2015第1批
A68: 45 | B68: 常德市 | C68: 临澧县 | D68: G207 | E68: 2833 | F68: 2834 | G68: G207 | H68: 2263.557 | I68: 2264.557 | J68: =F68-E68 -> 1 | K68: 111.64473 | L68: 29.301271 | M68: 111.64341 | N68: 29.292387 | O68: 中 | P68: 一级 | Q68: 34 | R68: 沥青混凝土 | S68: 大中修 | T68: 中修 | U68: 铣刨重铺 | V68: 24 | W68: 24 | Y68: 旧路病害处治+铣刨4cm沥青砼 | AB68: 改性沥青砼 | AC68: 4 | AE68: 70 | AF68: 204 | AG68: =J68*V68*AE68*AK68*0.1 -> 168 | AH68: 2017 | AK68: 1 | AM68: 计划申报 | AN68: 2026年对接核定项目 | AO68: 2026年对接核定项目 | AP68: 省公路事务中心 | AR68: 2017
A69: 46 | B69: 常德市 | C69: 鼎城区 | D69: G207 | E69: 2839 | F69: 2840 | G69: G207 | H69: 2269.807 | I69: 2270.807 | J69: =F69-E69 -> 1 | K69: 0 | L69: 0 | M69: 0 | N69: 0 | O69: 中 | P69: 一级 | Q69: 40 | R69: 沥青混凝土 | S69: 大中修 | T69: 中修 | U69: 铣刨重铺 | V69: 12 | W69: 12 | Y69: 旧路病害处治+铣刨4cm沥青砼 | AB69: 改性沥青砼 | AC69: 4 | AE69: 70 | AF69: 102 | AG69: =J69*V69*AE69*AK69*0.1 -> 84 | AH69: 2016 | AK69: 1 | AL69: 上行方向 | AM69: 计划申报 | AN69: 2026年对接核定项目 | AO69: 2026年对接核定项目 | AP69: 省公路事务中心 | AR69: 2016
A70: 47 | B70: 常德市 | C70: 鼎城区 | D70: G207 | E70: 2895.35 | F70: 2898 | G70: G207 | H70: 2326.264 | I70: 2328.914 | J70: =F70-E70 -> 2.65 | K70: 0 | L70: 0 | M70: 0 | N70: 0 | O70: 中 | P70: 二级 | Q70: 10.5 | R70: 水泥混凝土 | S70: 大中修 | T70: 大修 | U70: 多锤头碎石化后加铺（190） | V70: 10.5 | W70: 10.5 | Y70: 旧路病害处治+多锤头碎石化后加铺 | Z70: ATB | AA70: 10 | AB70: 改性沥青砼 | AC70: 5 | AE70: 180 | AG70: =J70*V70*AE70*AI70*0.1 -> 500.85 | AH70: 2011 | AI70: 1 | AJ70: 2019 | AM70: 计划申报 | AN70: 2026年对接核定项目 | AO70: 2026年对接核定项目 | AP70: 省公路事务中心 | AR70: 2011 | AS70: G207 2888.586-2926.785 2.65km 预防性养护 2019第2批 | AW70: G207 2319.5-2357.699 2.65km 预防性养护 2019第2批 | AX70: G207 2326.275-2327.275 1km 预防性养护 2018第1批
A71: 48 | B71: 常德市 | C71: 鼎城区 | D71: G207 | E71: 2898 | F71: 2898.62 | G71: G207 | H71: 2328.914 | I71: 2329.534 | J71: =F71-E71 -> 0.62 | K71: 0 | L71: 0 | M71: 0 | N71: 0 | O71: 中 | P71: 二级 | Q71: 10.5 | R71: 水泥混凝土 | S71: 大中修 | T71: 大修 | U71: 多锤头碎石化后加铺（190） | V71: 10.5 | W71: 10.5 | Y71: 旧路病害处治+多锤头碎石化后加铺 | Z71: ATB | AA71: 10 | AB71: 改性沥青砼 | AC71: 5 | AE71: 180 | AG71: =J71*V71*AE71*AI71*0.1 -> 117.18 | AH71: 2011 | AI71: 1 | AJ71: 2019 | AM71: 计划申报 | AN71: 2026年对接核定项目 | AO71: 2026年对接核定项目 | AP71: 省公路事务中心 | AR71: 2011 | AS71: G207 2888.586-2926.785 0.62km 预防性养护 2019第2批 | AW71: G207 2319.5-2357.699 0.62km 预防性养护 2019第2批
A72: 49 | B72: 常德市 | C72: 鼎城区 | D72: G207 | E72: 2898.62 | F72: 2899 | G72: G207 | H72: 2329.534 | I72: 2329.914 | J72: =F72-E72 -> 0.38 | K72: 0 | L72: 0 | M72: 0 | N72: 0 | O72: 中 | P72: 二级 | Q72: 9 | R72: 水泥混凝土 | S72: 大中修 | T72: 大修 | U72: 多锤头碎石化后加铺（190） | V72: 9 | W72: 9 | Y72: 旧路病害处治+多锤头碎石化后加铺 | Z72: ATB | AA72: 10 | AB72: 改性沥青砼 | AC72: 5 | AE72: 180 | AG72: =J72*V72*AE72*AI72*0.1 -> 61.56 | AH72: 2011 | AI72: 1 | AJ72: 2019 | AM72: 计划申报 | AN72: 2026年对接核定项目 | AO72: 2026年对接核定项目 | AP72: 省公路事务中心 | AR72: 2011 | AS72: G207 2888.586-2926.785 0.38km 预防性养护 2019第2批 | AW72: G207 2319.5-2357.699 0.38km 预防性养护 2019第2批
A73: 50 | B73: 常德市 | C73: 鼎城区 | D73: G207 | E73: 2903 | F73: 2904 | G73: G207 | H73: 2333.914 | I73: 2334.914 | J73: =F73-E73 -> 1 | K73: 0 | L73: 0 | M73: 0 | N73: 0 | O73: 中 | P73: 二级 | Q73: 9 | R73: 水泥混凝土 | S73: 大中修 | T73: 大修 | U73: 多锤头碎石化后加铺（190） | V73: 9 | W73: 9 | Y73: 旧路病害处治+多锤头碎石化后加铺 | Z73: ATB | AA73: 10 | AB73: 改性沥青砼 | AC73: 5 | AE73: 180 | AG73: =J73*V73*AE73*AI73*0.1 -> 162 | AH73: 2011 | AI73: 1 | AJ73: 2019 | AM73: 计划申报 | AN73: 2026年对接核定项目 | AO73: 2026年对接核定项目 | AP73: 省公路事务中心 | AR73: 2011 | AS73: G207 2888.586-2926.785 1km 预防性养护 2019第2批 | AW73: G207 2319.5-2357.699 1km 预防性养护 2019第2批
B74: 张家界市 汇总 | J74: =SUBTOTAL(9,J76) -> 1 | AG74: =SUBTOTAL(9,AG76) -> 52.5
B75: 计划申报 汇总 | J75: =SUBTOTAL(9,J76) -> 1 | AG75: =SUBTOTAL(9,AG76) -> 52.5
A76: 51 | B76: 张家界市 | C76: 慈利县 | D76: G241 | E76: 2046 | F76: 2047 | G76: S305 | H76: 46.326 | I76: 47.326 | J76: =F76-E76 -> 1 | K76: 110.86908 | L76: 29.519566 | M76: 110.85954 | N76: 29.521572 | O76: 中 | P76: 二级 | Q76: 7.5 | R76: 沥青混凝土 | S76: 大中修 | T76: 中修 | U76: 铣刨重铺 | V76: 7.5 | W76: 7.5 | Y76: 旧路病害处治+铣刨4cm沥青砼 | AB76: 改性沥青砼 | AC76: 4 | AE76: 70 | AF76: 63.75 | AG76: =J76*V76*AE76*AK76*0.1 -> 52.5 | AH76: 2013 | AJ76: 2020 | AK76: 1 | AM76: 计划申报 | AN76: 2026年对接核定项目 | AO76: 2026年对接核定项目 | AP76: 省公路事务中心 | AQ76: 2013年大修（S305线40.000-143.000）； | AR76: 2013 | AS76: G241 2033.903-2049.039 1km 预防性养护 2020第1批 | AW76: S305 46-49 1km 大修 2013第1批
B77: 益阳市 汇总 | J77: =SUBTOTAL(9,J79:J102) -> 25.772 | AG77: =SUBTOTAL(9,AG79:AG102) -> 1068.0225
B78: 计划调整 汇总 | J78: =SUBTOTAL(9,J79:J80) -> 8 | AG78: =SUBTOTAL(9,AG79:AG80) -> -204
A79: 52 | B79: 益阳市 | C79: 桃江县 | D79: G207 | E79: 2952 | F79: 2956.5 | G79: G207 | H79: 2382.914 | I79: 2387.414 | J79: =F79-E79 -> 4.5 | K79: 0 | L79: 0 | M79: 0 | N79: 0 | O79: 中,次 | P79: 二级 | Q79: 8.5 | R79: 水泥混凝土 | S79: 大中修 | T79: 大修 | U79: 多锤头碎石化后加铺（190） | V79: 8.5 | W79: 8.5 | Y79: 旧路病害处治+多锤头碎石化后加铺 | Z79: ATB | AA79: 10 | AB79: 改性沥青砼 | AC79: 5 | AE79: 180 | AF79: 654.08 | AG79: =J79*V79*AE79*AI79*0.1-J79*V79*210*AI79*0.1 -> -114.75 | AH79: 2012 | AI79: 1 | AL79: 经查该路段2017年未安排大修计划，折扣系数：1。申请路面结构处置方案调整的项目，方案调整核心原因：1.大幅降低路面标高，若按原方案施工，路面整体抬高厚度较大，将导致道路沿线居民区、商铺、乡村支路、交叉路口出入口与主干道形成较大高差，严重影响沿线群众生产生活。2.缩短交叉路口接线长度，降低工程配套成本。3.优化简化施工工序，有效压缩施工周期。4.规避施工阻工风险，保障工程平稳推进。 | AM79: 计划调整 | AN79: 计划调整项目 | AO79: 原方案多锤头碎石化后加铺(220)计划下达单价210，申请调整为ATB（190） | AP79: 省公路事务中心 | AQ79: 2026年大修（G207线2952.000-2956.500）； | AR79: 2012 | AS79: G207 2952-2956.5 4.5km 大修 2026第1批 | AW79: 接G207 2381.523-2382.914 0km 大修 2021第1批 | AX79: G207 2386.914-2389.914 0.5km 预防性养护 2019第2批 | BB79: =J79*V79*210*AI79*0.1 -> 803.25
A80: 53 | B80: 益阳市 | C80: 桃江县 | D80: G207 | E80: 2956.5 | F80: 2960 | G80: G207 | H80: 2387.414 | I80: 2390.914 | J80: =F80-E80 -> 3.5 | K80: 0 | L80: 0 | M80: 0 | N80: 0 | O80: 中,次 | P80: 二级 | Q80: 8.5 | R80: 水泥混凝土 | S80: 大中修 | T80: 大修 | U80: 多锤头碎石化后加铺（190） | V80: 8.5 | W80: 8.5 | Y80: 旧路病害处治+多锤头碎石化后加铺 | Z80: ATB | AA80: 10 | AB80: 改性沥青砼 | AC80: 5 | AE80: 180 | AF80: 508.73 | AG80: =J80*V80*AE80*AI80*0.1-J80*V80*210*AI80*0.1 -> -89.25 | AH80: 2012 | AI80: 1 | AL80: 经查，折扣系数：1。申请路面结构处置方案调整的项目，方案调整核心原因：1.大幅降低路面标高，若按原方案施工，路面整体抬高厚度较大，将导致道路沿线居民区、商铺、乡村支路、交叉路口出入口与主干道形成较大高差，严重影响沿线群众生产生活。2.缩短交叉路口接线长度，降低工程配套成本。3.优化简化施工工序，有效压缩施工周期。4.规避施工阻工风险，保障工程平稳推进。 | AM80: 计划调整 | AN80: 计划调整项目 | AO80: 原方案多锤头碎石化后加铺(220)计划下达单价210，申请调整为ATB（190） | AP80: 省公路事务中心 | AQ80: 2026年大修（G207线2956.500-2960.000）；2017年大修（G207线2389.000-2390.000）； | AR80: 2012 | AS80: G207 2957-2960 3km 预防性养护 2019第2批 | AT80: G207 2956.5-2960 3.5km 大修 2026第1批 | AW80: G207 2386.914-2389.914 2.5km 预防性养护 2019第2批 | AX80: G207 2389-2390 1km 大修 2017第1批 | BB80: =J80*V80*210*AI80*0.1 -> 624.75
B81: 计划申报 汇总 | J81: =SUBTOTAL(9,J82:J83) -> 1 | AG81: =SUBTOTAL(9,AG82:AG83) -> 153
A82: 54 | B82: 益阳市 | C82: 桃江县 | D82: G207 | E82: 2961 | F82: 2961.372 | G82: G207 | H82: 2391.914 | I82: 2392.286 | J82: =F82-E82 -> 0.372 | K82: 0 | L82: 0 | M82: 0 | N82: 0 | O82: 次,中 | P82: 二级 | Q82: 8.5 | R82: 水泥混凝土 | S82: 大中修 | T82: 大修 | U82: 多锤头碎石化后加铺（190） | V82: 8.5 | W82: 8.5 | Y82: 旧路病害处治+多锤头碎石化后加铺 | Z82: ATB | AA82: 10 | AB82: 改性沥青砼 | AC82: 5 | AE82: 180 | AF82: 54.07 | AG82: =J82*V82*AE82*AI82*0.1 -> 56.916 | AH82: 2012 | AI82: 1 | AL82: 经查，该路段2017年未安排大修计划，折扣系数：1，申请补助资金60万元 | AM82: 计划申报 | AN82: 2026年对接核定项目 | AO82: 2026年对接核定项目 | AP82: 省公路事务中心 | AR82: 2012
A83: 55 | B83: 益阳市 | C83: 安化县 | D83: G207 | E83: 2961.372 | F83: 2962 | G83: G207 | H83: 2392.286 | I83: 2392.914 | J83: =F83-E83 -> 0.628 | K83: 0 | L83: 0 | M83: 0 | N83: 0 | O83: 中,次 | P83: 二级 | Q83: 8.5 | R83: 水泥混凝土 | S83: 大中修 | T83: 大修 | U83: 多锤头碎石化后加铺（190） | V83: 8.5 | W83: 8.5 | Y83: 旧路病害处治+多锤头碎石化后加铺 | Z83: ATB | AA83: 10 | AB83: 改性沥青砼 | AC83: 5 | AE83: 180 | AF83: 101.42 | AG83: =J83*V83*AE83*AI83*0.1 -> 96.084 | AH83: 2011 | AI83: 1 | AM83: 计划申报 | AN83: 2026年对接核定项目 | AO83: 2026年对接核定项目 | AP83: 省公路事务中心 | AR83: 2011
B84: 计划调整 汇总 | J84: =SUBTOTAL(9,J85) -> 2.151 | AG84: =SUBTOTAL(9,AG85) -> -54.8505
A85: 56 | B85: 益阳市 | C85: 安化县 | D85: G207 | E85: 2963 | F85: 2965.151 | G85: G207 | H85: 2393.945 | I85: 2396.096 | J85: =F85-E85 -> 2.151 | K85: 0 | L85: 0 | M85: 0 | N85: 0 | O85: 中,次 | P85: 二级 | Q85: 8.5 | R85: 水泥混凝土 | S85: 大中修 | T85: 大修 | U85: 多锤头碎石化后加铺（190） | V85: 8.5 | W85: 8.5 | Y85: 旧路病害处治+多锤头碎石化后加铺 | Z85: ATB | AA85: 10 | AB85: 改性沥青砼 | AC85: 5 | AE85: 180 | AF85: 347.39 | AG85: =J85*V85*AE85*AI85*0.1-J85*V85*210*AI85*0.1 -> -54.8505 | AH85: 2011 | AI85: 1 | AL85: 申请路面结构处置方案调整的项目，方案调整核心原因：1.大幅降低路面标高，若按原方案施工，路面整体抬高厚度较大，将导致道路沿线居民区、商铺、乡村支路、交叉路口出入口与主干道形成较大高差，严重影响沿线群众生产生活。2.缩短交叉路口接线长度，降低工程配套成本。3.优化简化施工工序，有效压缩施工周期。4.规避施工阻工风险，保障工程平稳推进。 | AM85: 计划调整 | AN85: 计划调整项目 | AO85: 原方案多锤头碎石化后加铺(220)计划下达单价210，申请调整为ATB（190） | AP85: 省公路事务中心 | AQ85: 2026年大修（G207线2963.000-2965.151）； | AR85: 2011 | AS85: G207 2963-2965.151 2.151km 大修 2026第1批 | AW85: 接G207 2396.096-2399.096 0km 大修 2020第3批 | AX85: G207 2393-2394 0.055km 预防性养护 2018第1批 | BB85: =J85*V85*210*AI85*0.1 -> 383.9535
B86: 计划申报 汇总 | J86: =SUBTOTAL(9,J87:J99) -> 13 | AG86: =SUBTOTAL(9,AG87:AG99) -> 1221
A87: 57 | B87: 益阳市 | C87: 安化县 | D87: G207 | E87: 2970 | F87: 2971 | G87: G207 | H87: 2400.914 | I87: 2401.914 | J87: =F87-E87 -> 1 | K87: 0 | L87: 0 | M87: 0 | N87: 0 | O87: 中,次 | P87: 二级 | Q87: 9 | R87: 水泥混凝土 | S87: 大中修 | T87: 大修 | U87: 多锤头碎石化后加铺（190） | V87: 9 | W87: 9 | Y87: 旧路病害处治+多锤头碎石化后加铺 | Z87: ATB | AA87: 10 | AB87: 改性沥青砼 | AC87: 5 | AE87: 180 | AF87: 171 | AG87: =J87*V87*AE87*AI87*0.1 -> 162 | AH87: 2011 | AI87: 1 | AM87: 计划申报 | AN87: 2026年对接核定项目 | AO87: 2026年对接核定项目 | AP87: 省公路事务中心 | AR87: 2011
A88: 58 | B88: 益阳市 | C88: 安化县 | D88: G207 | E88: 2974 | F88: 2975 | G88: G207 | H88: 2404.914 | I88: 2405.914 | J88: =F88-E88 -> 1 | K88: 0 | L88: 0 | M88: 0 | N88: 0 | O88: 中,次 | P88: 二级 | Q88: 9 | R88: 水泥混凝土 | S88: 大中修 | T88: 大修 | U88: 多锤头碎石化后加铺（190） | V88: 9 | W88: 9 | Y88: 旧路病害处治+多锤头碎石化后加铺 | Z88: ATB | AA88: 10 | AB88: 改性沥青砼 | AC88: 5 | AE88: 180 | AF88: 171 | AG88: =J88*V88*AE88*AI88*0.1 -> 162 | AH88: 2011 | AI88: 1 | AM88: 计划申报 | AN88: 2026年对接核定项目 | AO88: 2026年对接核定项目 | AP88: 省公路事务中心 | AR88: 2011
A89: 59 | B89: 益阳市 | C89: 安化县 | D89: G207 | E89: 2975 | F89: 2976 | G89: G207 | H89: 2405.914 | I89: 2406.914 | J89: =F89-E89 -> 1 | K89: 0 | L89: 0 | M89: 0 | N89: 0 | O89: 中,次 | P89: 二级 | Q89: 9 | R89: 水泥混凝土 | S89: 大中修 | T89: 大修 | U89: 多锤头碎石化后加铺（190） | V89: 9 | W89: 9 | Y89: 旧路病害处治+多锤头碎石化后加铺 | Z89: ATB | AA89: 10 | AB89: 改性沥青砼 | AC89: 5 | AE89: 180 | AF89: 171 | AG89: =J89*V89*AE89*AI89*0.1 -> 162 | AH89: 2011 | AI89: 1 | AJ89: 2018 | AM89: 计划申报 | AN89: 2026年对接核定项目 | AO89: 2026年对接核定项目 | AP89: 省公路事务中心 | AR89: 2011 | AW89: G207 2406-2409 0.914km 预防性养护 2018第1批
A90: 60 | B90: 益阳市 | C90: 南县 | D90: G234 | E90: 2040 | F90: 2041 | G90: S204 | H90: 11.158 | I90: 12.158 | J90: =F90-E90 -> 1 | K90: 0 | L90: 0 | M90: 0 | N90: 0 | O90: 次,中 | P90: 二级 | Q90: 10.5 | R90: 沥青混凝土 | S90: 大中修 | T90: 中修 | U90: 铣刨重铺 | V90: 10.5 | W90: 10.5 | Y90: 旧路病害处治+铣刨4cm沥青砼 | AB90: 改性沥青砼 | AC90: 4 | AE90: 70 | AF90: 71.4 | AG90: =J90*V90*AE90*AK90*0.1 -> 73.5 | AH90: 2018 | AJ90: 2022 | AK90: 1 | AL90: 2021年迎国检路段，不打折,申请补助资金89万元 | AM90: 计划申报 | AN90: 2026年对接核定项目 | AO90: 2026年对接核定项目，2021年提前实施，不打折 | AP90: 省公路事务中心 | AQ90: 2022年中修（G234线2040.000-2041.000）；2013年大修（S204线0.000-71.000）； | AR90: 2018 | AS90: G234 2040-2041 1km 中修 2022第1批 | AW90: S204 11.058-12.058 0.9km 中修 2022第1批 | AX90: S204 12.058-13.058 0.1km 中修 2022第1批
A91: 61 | B91: 益阳市 | C91: 南县 | D91: G234 | E91: 2048 | F91: 2049 | G91: S204 | H91: 19.158 | I91: 20.158 | J91: =F91-E91 -> 1 | K91: 0 | L91: 0 | M91: 0 | N91: 0 | O91: 中,次 | P91: 二级 | Q91: 10.5 | R91: 沥青混凝土 | S91: 大中修 | T91: 中修 | U91: 铣刨重铺 | V91: 10.5 | W91: 10.5 | Y91: 旧路病害处治+铣刨4cm沥青砼 | AB91: 改性沥青砼 | AC91: 4 | AE91: 70 | AF91: 71.4 | AG91: =J91*V91*AE91*AK91*0.1 -> 73.5 | AH91: 2018 | AJ91: 2022 | AK91: 1 | AL91: 2021年迎国检路段，不打折，申请补助资金89万元 | AM91: 计划申报 | AN91: 2026年对接核定项目 | AO91: 2026年对接核定项目，2021年提前实施，不打折 | AP91: 省公路事务中心 | AQ91: 2022年中修（G234线2048.000-2049.000）；2013年大修（S204线0.000-71.000）； | AR91: 2018 | AS91: G234 2048-2049 1km 中修 2022第1批 | AW91: S204 19.058-20.058 0.9km 中修 2022第1批 | AX91: S204 20.058-21.058 0.1km 中修 2022第1批
A92: 62 | B92: 益阳市 | C92: 南县 | D92: G234 | E92: 2049 | F92: 2050 | G92: S204 | H92: 20.158 | I92: 21.158 | J92: =F92-E92 -> 1 | K92: 0 | L92: 0 | M92: 0 | N92: 0 | O92: 中,次 | P92: 二级 | Q92: 10.5 | R92: 沥青混凝土 | S92: 大中修 | T92: 中修 | U92: 铣刨重铺 | V92: 10.5 | W92: 10.5 | Y92: 旧路病害处治+铣刨4cm沥青砼 | AB92: 改性沥青砼 | AC92: 4 | AE92: 70 | AF92: 71.4 | AG92: =J92*V92*AE92*AK92*0.1 -> 73.5 | AH92: 2018 | AJ92: 2022 | AK92: 1 | AL92: 2021年迎国检路段，不打折，申请补助资金89万元 | AM92: 计划申报 | AN92: 2026年对接核定项目 | AO92: 2026年对接核定项目，2021年提前实施，不打折 | AP92: 省公路事务中心 | AQ92: 2022年中修（G234线2049.000-2050.000）；2013年大修（S204线0.000-71.000）； | AR92: 2018 | AS92: G234 2049-2050 1km 中修 2022第1批 | AW92: S204 20.058-21.058 0.9km 中修 2022第1批
A93: 63 | B93: 益阳市 | C93: 南县 | D93: G234 | E93: 2058 | F93: 2059 | G93: S204 | H93: 29.158 | I93: 30.158 | J93: =F93-E93 -> 1 | K93: 0 | L93: 0 | M93: 0 | N93: 0 | O93: 中,次 | P93: 二级 | Q93: 10.5 | R93: 沥青混凝土 | S93: 大中修 | T93: 中修 | U93: 铣刨重铺 | V93: 10.5 | W93: 10.5 | Y93: 旧路病害处治+铣刨4cm沥青砼 | AB93: 改性沥青砼 | AC93: 4 | AE93: 70 | AF93: 71.4 | AG93: =J93*V93*AE93*AK93*0.1 -> 73.5 | AH93: 2018 | AJ93: 2022 | AK93: 1 | AL93: 2021年迎国检路段，不打折，申请补助资金89万元 | AM93: 计划申报 | AN93: 2026年对接核定项目 | AO93: 2026年对接核定项目，2021年提前实施，不打折 | AP93: 省公路事务中心 | AQ93: 2022年中修（G234线2058.000-2059.000）；2013年大修（S204线0.000-71.000）； | AR93: 2018 | AS93: G234 2058-2059 1km 中修 2022第1批 | AW93: S204 29.058-30.058 0.9km 中修 2022第1批 | AX93: S204 30.058-31.058 0.1km 中修 2022第1批
A94: 64 | B94: 益阳市 | C94: 南县 | D94: G234 | E94: 2059 | F94: 2060 | G94: S204 | H94: 30.158 | I94: 31.158 | J94: =F94-E94 -> 1 | K94: 0 | L94: 0 | M94: 0 | N94: 0 | O94: 中,次 | P94: 二级 | Q94: 10.5 | R94: 沥青混凝土 | S94: 大中修 | T94: 中修 | U94: 铣刨重铺 | V94: 10.5 | W94: 10.5 | Y94: 旧路病害处治+铣刨4cm沥青砼 | AB94: 改性沥青砼 | AC94: 4 | AE94: 70 | AF94: 71.4 | AG94: =J94*V94*AE94*AK94*0.1 -> 73.5 | AH94: 2018 | AJ94: 2022 | AK94: 1 | AL94: 2021年迎国检路段，不打折，申请补助资金89万元 | AM94: 计划申报 | AN94: 2026年对接核定项目 | AO94: 2026年对接核定项目，2021年提前实施，不打折 | AP94: 省公路事务中心 | AQ94: 2022年中修（G234线2059.000-2060.000）；2013年大修（S204线0.000-71.000）； | AR94: 2018 | AS94: G234 2059-2060 1km 中修 2022第1批 | AW94: S204 30.058-31.058 0.9km 中修 2022第1批
A95: 65 | B95: 益阳市 | C95: 南县 | D95: G234 | E95: 2061 | F95: 2062 | G95: S204 | H95: 32.158 | I95: 33.158 | J95: =F95-E95 -> 1 | K95: 0 | L95: 0 | M95: 0 | N95: 0 | O95: 中,次 | P95: 二级 | Q95: 10.5 | R95: 沥青混凝土 | S95: 大中修 | T95: 中修 | U95: 铣刨重铺 | V95: 10.5 | W95: 10.5 | Y95: 旧路病害处治+铣刨4cm沥青砼 | AB95: 改性沥青砼 | AC95: 4 | AE95: 70 | AF95: 71.4 | AG95: =J95*V95*AE95*AK95*0.1 -> 73.5 | AH95: 2018 | AJ95: 2022 | AK95: 1 | AL95: 2021年迎国检路段，不打折，申请补助资金89万元 | AM95: 计划申报 | AN95: 2026年对接核定项目 | AO95: 2026年对接核定项目，2021年提前实施，不打折 | AP95: 省公路事务中心 | AQ95: 2023年中修（G234线2061.000-2062.000）；2013年大修（S204线0.000-71.000）； | AR95: 2018 | AS95: G234 2061-2062 1km 中修 2022第1批 | AW95: S204 32.058-33.058 0.9km 中修 2022第1批 | AX95: S204 33.058-34.058 0.1km 中修 2022第1批
A96: 66 | B96: 益阳市 | C96: 南县 | D96: G234 | E96: 2062 | F96: 2063 | G96: S204 | H96: 33.158 | I96: 34.158 | J96: =F96-E96 -> 1 | K96: 0 | L96: 0 | M96: 0 | N96: 0 | O96: 中,次 | P96: 二级 | Q96: 10.5 | R96: 沥青混凝土 | S96: 大中修 | T96: 中修 | U96: 铣刨重铺 | V96: 10.5 | W96: 10.5 | Y96: 旧路病害处治+铣刨4cm沥青砼 | AB96: 改性沥青砼 | AC96: 4 | AE96: 70 | AF96: 71.4 | AG96: =J96*V96*AE96*AK96*0.1 -> 73.5 | AH96: 2018 | AJ96: 2022 | AK96: 1 | AL96: 2021年迎国检路段，不打折，申请补助资金89万元 | AM96: 计划申报 | AN96: 2026年对接核定项目 | AO96: 2026年对接核定项目，2021年提前实施，不打折 | AP96: 省公路事务中心 | AQ96: 2023年中修（G234线2062.000-2063.000）；2013年大修（S204线0.000-71.000）； | AR96: 2018 | AS96: G234 2062-2063 1km 中修 2022第1批 | AW96: S204 33.058-34.058 0.9km 中修 2022第1批 | AX96: S204 34.058-35.058 0.1km 中修 2022第1批
A97: 67 | B97: 益阳市 | C97: 南县 | D97: G234 | E97: 2063 | F97: 2064 | G97: S204 | H97: 34.158 | I97: 35.158 | J97: =F97-E97 -> 1 | K97: 0 | L97: 0 | M97: 0 | N97: 0 | O97: 中,次 | P97: 二级 | Q97: 10.5 | R97: 沥青混凝土 | S97: 大中修 | T97: 中修 | U97: 铣刨重铺 | V97: 10.5 | W97: 10.5 | Y97: 旧路病害处治+铣刨4cm沥青砼 | AB97: 改性沥青砼 | AC97: 4 | AE97: 70 | AF97: 71.4 | AG97: =J97*V97*AE97*AK97*0.1 -> 73.5 | AH97: 2018 | AJ97: 2022 | AK97: 1 | AL97: 2021年迎国检路段，不打折，申请补助资金89万元 | AM97: 计划申报 | AN97: 2026年对接核定项目 | AO97: 2026年对接核定项目，2021年提前实施，不打折 | AP97: 省公路事务中心 | AQ97: 2023年中修（G234线2063.000-2064.000）；2013年大修（S204线0.000-71.000）； | AR97: 2018 | AS97: G234 2063-2064 1km 中修 2022第1批 | AW97: S204 34.058-35.058 0.9km 中修 2022第1批 | AX97: S204 35.058-36.058 0.1km 中修 2023第2批
A98: 68 | B98: 益阳市 | C98: 南县 | D98: G234 | E98: 2065 | F98: 2066 | G98: S204 | H98: 36.158 | I98: 37.158 | J98: =F98-E98 -> 1 | K98: 0 | L98: 0 | M98: 0 | N98: 0 | O98: 中,次 | P98: 二级 | Q98: 10.5 | R98: 沥青混凝土 | S98: 大中修 | T98: 中修 | U98: 铣刨重铺 | V98: 10.5 | W98: 10.5 | Y98: 旧路病害处治+铣刨4cm沥青砼 | AB98: 改性沥青砼 | AC98: 4 | AE98: 70 | AF98: 71.4 | AG98: =J98*V98*AE98*AK98*0.1 -> 73.5 | AH98: 2018 | AJ98: 2022 | AK98: 1 | AL98: 2021年迎国检路段，不打折，申请补助资金89万元 | AM98: 计划申报 | AN98: 2026年对接核定项目 | AO98: 2026年对接核定项目，2021年提前实施，不打折 | AP98: 省公路事务中心 | AQ98: 2023年中修（G234线2065.000-2066.000）；2013年大修（S204线0.000-71.000）； | AR98: 2018 | AS98: G234 2065-2066 1km 中修 2022第1批 | AW98: S204 36.058-37.058 0.9km 中修 2022第1批 | AX98: S204 37.058-37.958 0.1km 中修 2022第1批
A99: 69 | B99: 益阳市 | C99: 南县 | D99: G234 | E99: 2066 | F99: 2067 | G99: S204 | H99: 37.158 | I99: 38.158 | J99: =F99-E99 -> 1 | K99: 0 | L99: 0 | M99: 0 | N99: 0 | O99: 中,次 | P99: 二级 | Q99: 10.5 | R99: 沥青混凝土 | S99: 大中修 | T99: 中修 | U99: 铣刨重铺 | V99: 10.5 | W99: 10.5 | Y99: 旧路病害处治+铣刨4cm沥青砼 | AB99: 改性沥青砼 | AC99: 4 | AE99: 70 | AF99: 73.18 | AG99: =J99*V99*AE99*AK99*0.1 -> 73.5 | AH99: 2018 | AJ99: 2022 | AK99: 1 | AL99: 2021年迎国检路段，不打折，申请补助资金89万元 | AM99: 计划申报 | AN99: 2026年对接核定项目 | AO99: 2026年对接核定项目，2021年提前实施，不打折 | AP99: 省公路事务中心 | AQ99: 2023年中修（G234线2066.000-2066.900）；2020年大修（G234线2066.900-2069.792）；2013年大修（S204线0.000-71.000）； | AR99: 2018 | AS99: G234 2066-2066.9 0.9km 中修 2022第1批 | AW99: S204 37.058-37.958 0.8km 中修 2022第1批
B100: 计划调整 汇总 | J100: =SUBTOTAL(9,J101:J102) -> 1.621 | AG100: =SUBTOTAL(9,AG101:AG102) -> -47.127
...
